 Dungeon Crawl Stone Soup version 0.29.1-1-gd02db6906a (webtiles) character file.

Game seed: 3623887904894914862

1276332 Ashen the Cryomancer (level 27, -2/291 HPs)
             Began as a Demonspawn Fire Elementalist on Oct 12, 2022.
             Was the Champion of Makhleb.
             Slain by Genaf the pandemonium lord (11 damage)
             ... while petrified by you
             ... on level 18 of a ziggurat on Oct 15, 2022.
             The game lasted 18:11:20 (155241 turns).

Ashen the Cryomancer (DsFE)                       Turns: 155241, Time: 18:11:21

Health: -2/291     AC: 14    Str: 12    XL:     27
Magic:  34/61      EV:  2    Int: 33    God:    Makhleb [******]
Gold:   9317       SH:  0    Dex: 21    Spells: 0/76 levels left

rFire   + + +      SeeInvis +   Y - +0 staff of Battle
rCold   + + +      Faith    .   F - +3 buckler {rC+ rF+}
rNeg    + + +      Spirit   .   V - +2 robe {Archmagi}
rPois   ∞          Reflect  .   (helmet unavailable)
rElec   +          Harm     .   d - +2 cloak {rCorr}
rCorr   +          Rampage  .   u - +1 pair of gloves of Wonder {+Blink rElec}
Will    +++++      Archmagi +   W - +3 pair of boots of Narcissism {rF+}
Stlth   ++........ Clarity  +   e - amulet "Upuiz" {RegenMP Will+ Int+2}
HPRegen 0.58/turn               J - ring of wizardry
MPRegen 0.77/turn               n - ring of Trepidation {rF+ rC+ MP+9 Dex+5 Stlth-}

@: mighty, agile, lich-form, petrified, corroded, studying 4 skills
A: draining attack, torment immunity, no potions, antennae 3, ignite blood 3,
powered by pain 3, robust 3, sharp scales 3, agile 1, clarity, clever 1,
strong-willed 1, strong 1
}: 11/15 runes: barnacled, slimy, silver, golden, abyssal, demonic, glowing,
magical, fiery, dark, gossamer
a: End Transformation, Renounce Religion, Evoke Blink, Minor Destruction, Lesser
Servant of Makhleb, Major Destruction, Greater Servant of Makhleb


You were on level 18 of a ziggurat.
You worshipped Makhleb.
Makhleb was exalted by your worship.
You were an undead lich.
You visited 17 branches of the dungeon, and saw 72 of its levels.
You visited Pandemonium 2 times, and saw 23 of its levels.
You visited the Abyss 8 times.
You visited 1 bazaar.
You visited 2 ziggurats (completing 1), and saw 45 of their levels.
You also visited: Trove, Gauntlet, Ice Cave and Volcano.

You collected 17200 gold pieces.
You spent 7883 gold pieces at shops.

Inventory:

Hand Weapons
 r - the +8 frozen axe "Frostbite" {freezing cloud, *Noise Fly rC+}
   (You found it on level 23 of a ziggurat)

   It freezes those it strikes, dealing additional cold damage.
   It can also slow down cold-blooded creatures.
   It occasionally leaves clouds of freezing vapour upon striking a foe.
   It grants immunity to clouds of freezing vapour.
   rC:        It protects you from cold.
   Fly:       It grants you flight.
   *Noise:    It may make noises in combat.
 v - the +7 great mace "Firestarter" {inner flame, rF++}
   (You found it on level 16 of a ziggurat)

   It burns those it strikes, dealing additional fire damage.
   It fills those it strikes with an explosive inner flame.
   It grants immunity to clouds of flame.
   rF:        It greatly protects you from fire.
 z - the +7 great mace "Undeadhunter" {disrupt, rN+}
   (You found it on level 6 of a ziggurat)

   It inflicts significantly more damage against the undead.
   rN:        It protects you from negative energy.
 Y - the +0 staff of Battle (weapon)
   (You bought it in a shop on level 2 of the Orcish Mines)

   It enhances your conjuration magic.
   It summons a battlesphere in combat, with strength depending on Conjurations
   skill.
   Its strikes trigger the battlesphere's blasts.
Missiles
 i - 27 javelins (quivered)
 w - 16 throwing nets
 X - 18 silver javelins
Armour
 d - a +2 cloak of preservation (worn)
 l - the +3 warlock's mirror {reflect}
   (You found it on level 11 of a ziggurat)

   It can block and reflect piercing ranged attacks and magical attacks against
   the wielder's willpower.
 u - the +1 pair of gloves of Wonder (worn) {+Blink rElec}
   (You bought it in a shop on level 2 of the Orcish Mines)

   rElec:     It insulates you from electricity.
   +Blink:    It lets you blink.
 y - a +5 kite shield of reflection
 F - a +3 buckler of resistance (worn)
 V - a +2 robe of the Archmagi (worn)
 W - the +3 pair of boots of Narcissism (worn) {rF+}
   (You found it on level 3 of the Elven Halls)

   rF:        It protects you from fire.
Jewellery
 e - the amulet "Upuiz" (around neck) {RegenMP Will+ Int+2}
   (You found it on level 18 of a ziggurat)

   [amulet of magic regeneration]

   It increases your rate of magic regeneration.
   Int:       It affects your intelligence (+2).
   Will:      It increases your willpower.
 n - the ring of Trepidation (right hand) {rF+ rC+ MP+9 Dex+5 Stlth-}
   (You found it on level 8 of a ziggurat)

   [ring of protection from cold]

   Dex:       It affects your dexterity (+5).
   rF:        It protects you from fire.
   rC:        It protects you from cold.
   MP:        It affects your magic capacity (+9).
   Stlth:     It makes you less stealthy.
 J - a ring of wizardry (left hand)
Wands
 g - a wand of digging (12)
 A - a wand of quicksilver (39)
 L - a wand of mindburst (11)
 O - a wand of iceblast (29)
Scrolls
 f - 17 scrolls of poison
 j - 26 scrolls of blinking
 k - 7 scrolls of enchant weapon
 p - 23 scrolls of vulnerability
 s - 11 scrolls of fear
 x - 24 scrolls of fog
 C - 52 scrolls of teleportation
 D - 3 scrolls of magic mapping
 I - 9 scrolls of torment
 M - a scroll of acquirement
 Q - 14 scrolls of summoning
 R - 21 scrolls of immolation
 S - a scroll of enchant armour
Potions
 a - 29 potions of heal wounds
 b - 8 potions of magic
 c - 12 potions of haste
 h - 11 potions of mutation
 o - 12 potions of lignification
 q - 3 potions of might
 E - 10 potions of brilliance
 G - 35 potions of curing
 N - 2 potions of experience
 T - 5 potions of ambrosia
 U - 8 potions of cancellation
Miscellaneous
 m - a box of beasts
 t - a lightning rod (4/4)
 B - a phial of floods
 H - a tin of tremorstones (2/2)
 K - a condenser vane
 P - the horn of Geryon
 Z - a phantom mirror


   Skills:
 - Level 20.0 Fighting
 - Level 12.0 Staves
 - Level 20.1 Throwing
 - Level 20.0 Dodging
 - Level 5.0 Stealth
 - Level 15.0 Shields
 - Level 25.0 Spellcasting
 - Level 24.0 Conjurations
 - Level 15.0 Necromancy
 - Level 10.4 Translocations
 - Level 15.0 Transmutations
 - Level 22.0 Fire Magic
 - Level 25.0 Ice Magic
 + Level 21.0 Air Magic
 - Level 25.0 Earth Magic
 - Level 20.0 Invocations
 - Level 15.0 Evocations


You couldn't memorise any spells.
You knew the following spells:

 Your Spells              Type           Power      Damage    Failure   Level
a - Chain Lightning       Conj/Air       81%        3d108     2%          9
b - Sublimation of Blood  Necr           100%       N/A       0%          2
c - Passage of Golubria   Tloc           100%       N/A       1%          4
d - Fire Storm            Conj/Fire      81%        8d21      2%          9
e - Spellforged Servitor  Conj/Summ      67%        N/A       1%          7
f - Necromutation         Tmut/Necr      71%        N/A       4%          8
g - Lehudib's Crystal Sp  Conj/Erth      83%        10d19     1%          8
h - Shatter               Erth           71%        3d52*     1%          9
i - Ignition              Fire           68%        3d18      1%          8
j - Polar Vortex          Ice            71%        N/A       1%          9
k - Ozocubu's Armour      Ice            100%       N/A       0%          3

Your spell library contained the following spells:

 Spells                   Type           Power      Damage    Failure   Level
 Apportation              Tloc           100%       N/A       0%          1
 Beastly Appendage        Tmut           100%       N/A       0%          1
 Foxfire                  Conj/Fire      100%       2x1d9     0%          1
 Freeze                   Ice            100%       1d11      0%          1
 Magic Dart               Conj           100%       1d8       0%          1
 Necrotise                Necr           100%       1d9       0%          1
 Sandblast                Erth           100%       2d20      0%          1
 Shock                    Conj/Air       100%       1d9       0%          1
 Blink                    Tloc           100%       N/A       0%          2
 Ensorcelled Hibernation  Hex/Ice        100%       N/A       0%          2
 Passwall                 Tmut/Erth      100%       N/A       0%          2
 Poisonous Vapours        Pois/Air       100%       N/A       0%          2
 Scorch                   Fire           100%       2d10      0%          2
 Searing Ray              Conj           100%       2d8       0%          2
 Static Discharge         Conj/Air       100%       3-16/arc  0%          2
 Wereblood                Tmut           100%       N/A       0%          2
 Conjure Flame            Conj/Fire      100%       6-21      0%          3
 Dazzling Flash           Conj/Hex       100%       N/A       0%          3
 Ignite Poison            Fire/Tmut/Pois 100%       N/A       0%          3
 Inner Flame              Hex/Fire       100%       N/A       0%          3
 Mephitic Cloud           Conj/Pois/Air  100%       N/A       0%          3
 Stone Arrow              Conj/Erth      100%       3d13      0%          3
 Swiftness                Air            100%       N/A       0%          3
 Vampiric Draining        Necr           100%       2d13      0%          3
 Airstrike                Air            66%        2d(10-26) 0%          4
 Animate Dead             Necr           100%       N/A       0%          4
 Dispel Undead            Necr           100%       3d31      0%          4
 Flame Wave               Conj/Fire      100%       2d21      0%          4
 Hailstorm                Conj/Ice       100%       3d20      0%          4
 Ice Form                 Ice/Tmut       100%       N/A       0%          4
 Iskenderun's Mystic Bla  Conj/Tloc      100%       2d19      0%          4
 Petrify                  Tmut/Erth      100%       N/A       0%          4
 Sticky Flame             Conj/Fire      100%       2d11      0%          4
 Borgnjor's Vile Clutch   Necr/Erth      78%        N/A       0%          5
 Fireball                 Conj/Fire      81%        3d30      0%          5
 Freezing Cloud           Conj/Ice/Air   82%        6-21      0%          5
 Irradiate                Conj/Tmut      77%        3d37      0%          5
 Iskenderun's Battlesphe  Conj           100%       2d15      0%          5
 Lee's Rapid Deconstruct  Erth           71%        3d33*     0%          5
 Lightning Bolt           Conj/Air       81%        1d108     0%          5
 Conjure Ball Lightning   Conj/Air       81%        3x3d31    0%          6
 Iron Shot                Conj/Erth      83%        9d15      0%          6
 Starburst                Conj/Fire      81%        6d21      0%          6
 Ozocubu's Refrigeration  Ice            71%        4d23      0%          7
 Slow                     Hex            100%       N/A       1%          1
 Sting                    Tmut/Pois      100%       1d8       1%          1
 Summon Small Mammal      Summ           100%       N/A       1%          1
 Call Imp                 Summ           58%        N/A       1%          2
 Call Canine Familiar     Summ           58%        N/A       1%          3
 Confusing Touch          Hex            58%        N/A       1%          3
 Gell's Gravitas          Tloc           100%       N/A       1%          3
 Lesser Beckoning         Tloc           100%       N/A       1%          3
 Portal Projectile        Hex/Tloc       100%       N/A       1%          3
 Spider Form              Tmut/Pois      94%        N/A       1%          3
 Summon Guardian Golem    Hex/Summ       58%        N/A       1%          3
 Teleport Other           Tloc           100%       N/A       1%          3
 Tukima's Dance           Hex            58%        N/A       1%          3
 Anguish                  Hex/Necr       58%        N/A       1%          4
 Animate Armour           Summ/Erth      100%       N/A       1%          4
 Corpse Rot               Necr/Pois/Air  100%       N/A       1%          4
 Fulminant Prism          Conj/Hex       67%        3d28      1%          4
 Leda's Liquefaction      Hex/Erth       55%        N/A       1%          4
 Summon Ice Beast         Ice/Summ       100%       N/A       1%          4
 Summon Lightning Spire   Summ/Air       100%       N/A       1%          4
 Agony                    Necr           100%       N/A       1%          5
 Alistair's Intoxication  Tmut/Pois      62%        N/A       1%          5
 Blade Hands              Tmut           59%        N/A       1%          5
 Manifold Assault         Tloc           100%       N/A       1%          5
 Metabolic Englaciation   Hex/Ice        55%        N/A       1%          5
 Silence                  Hex/Air        52%        N/A       1%          5
 Summon Forest            Summ/Tloc      42%        N/A       1%          5
 Yara's Violent Unravell  Hex/Tmut       47%        3d18      1%          5
 Death Channel            Necr           71%        N/A       1%          6
 Dispersal                Tloc           52%        N/A       1%          6
 Eringya's Noxious Bog    Tmut/Pois      47%        N/A       1%          6
 Simulacrum               Ice/Necr       78%        N/A       1%          6
 Statue Form              Tmut/Erth      87%        N/A       1%          6
 Dragon Form              Tmut           59%        N/A       1%          7
 Orb of Destruction       Conj           82%        9d18      1%          7
 Storm Form               Tmut/Air       63%        N/A       1%          7
 Maxwell's Capacitive Co  Air            66%        ∞         1%          8
 Cause Fear               Hex            29%        N/A       2%          4
 Olgreb's Toxic Radiance  Pois           58%        N/A       2%          4
 Borgnjor's Revivificati  Necr           71%        N/A       4%          8
 Infestation              Necr           71%        N/A       4%          8
 Summon Mana Viper        Hex/Summ       58%        N/A       8%          5
 Haunt                    Necr/Summ      58%        N/A       11%         7
 Malign Gateway           Summ/Tloc      42%        N/A       26%         7
 Disjunction              Tloc           52%        N/A       26%         8
 Summon Cactus Giant      Summ           29%        N/A       38%         6
 Death's Door             Necr           71%        N/A       50%         9
 Enfeeble                 Hex            29%        N/A       90%         7
 Monstrous Menagerie      Summ           29%        N/A       90%         7
 Summon Hydra             Summ           29%        N/A       90%         7
 Discord                  Hex            29%        N/A       100%        8
 Summon Horrible Things   Summ           29%        N/A       100%        8
 Dragon's Call            Summ           29%        N/A       100%        9


Dungeon Overview and Level Annotations

Branches:
Dungeon (15/15)            Temple (1/1) D:4            Lair (5/5) D:11
 Shoals (4/4) Lair:3       Spider (4/4) Lair:3        Slime (5/5) Lair:4
    Orc (2/2) D:9             Elf (3/3) Orc:2        Vaults (5/5) D:14
  Crypt (3/3) Vaults:2       Tomb (3/3) Crypt:3      Depths (4/4) D:15
   Hell (visited)             Dis (5/7) Hell            Geh (1/7) Hell
    Coc (6/7) Hell            Tar (5/7) Hell            Zot (0/5) Depths:4
  IceCv (visited)         Volcano (visited)         Gauntlet (visited)

Altars:
Ashenzari
Cheibriados
Dithmenos
Fedhas
Gozag
Hepliaklqana
Kikubaaqudgha
Makhleb
Nemelex Xobeh
Okawaru
Qazlal
Ru
Sif Muna
Trog
Uskayaw
Vehumet
Wu Jian
Xom
Yredelemnul
Jiyva

Shops:
D:7 (   D:9 =   D:11 [:   Orc:2 [=(((=*   Elf:1 *=:=   Elf:3 *:   Shoals:3 :
Vaults:4 *   Vaults:5 (*   Depths:4 *

Portals:
Hell: Depths:1 Depths:2 Depths:3 Depths:4
Abyss: Depths:2 Depths:3 Depths:4
Pandemonium: Depths:2
Ziggurat: Hell


Innate Abilities, Weirdness & Mutations

You are an undead lich.
Your unarmed attacks are suffused with negative energy.
You are immune to unholy pain and torment.
Your necromantic spells are more powerful.
You cannot drink.
You are immune to poison.
You have a pair of large antennae on your head. (SInv)
Your demonic aura causes all spilled blood to erupt in flames.
You are powered by pain.
You are extremely robust. (+30% HP)
You are completely covered in razor-sharp scales. (AC +3, Slay +3)
You are agile. (Dex +4, Str/Int -1)
You possess an exceptional clarity of mind.
Your mind is acute. (Int +4, Str/Dex -1)
You are strong-willed. (Will+)
Your muscles are strong. (Str +4, Int/Dex -1)


Message History

Your fire vortex resists.
Your fire vortex dissipates!
The blast of lightning engulfs the apocalypse crab!!!
The apocalypse crab dies!
The blast of lightning engulfs the fire giant!!!
The fire giant dies!
Hiril shouts, "I will devour thy fortitude!"
Your Air Magic skill increases to level 21!
Neeruvis hits you!! Space warps around you.
Mixkogexa hits you but does no damage. Nafelec hits you. Nafelec corrodes you!
Genaf sneers, "Accept thy failure, thou pandering roguish skainsmate!"
The Killer Klown is engulfed in seething chaos.
The Killer Klown seems to slow down.
The Killer Klown hits you with a +11 club of venom!!!
You focus on the pain.
You feel more agile all of a sudden. Mixkogexa hits you. Nafelec hits you!
Something croaks, "Accept thy fall, thou tasty curdle!"
You hear a shout!
Neeruvis hits you but does no damage. Space warps horribly around you!
Nafelec hits you!! Mixkogexa hits you. The Killer Klown completely misses you.
Genaf kicks you!
* * * LOW HITPOINT WARNING * * *
The Killer Klown blinks!
A Killer Klown comes into view. It is wielding a +9 club of venom.
Nafelec hits you!!
* * * LOW HITPOINT WARNING * * *
Nafelec corrodes you!
Mixkogexa sneers, "Thy eyes shall be my victuals!"
Mixkogexa hits you!!!
* * * LOW HITPOINT WARNING * * *
Neeruvis hits you!!!
* * * LOW HITPOINT WARNING * * *
Space warps horribly around you!
* * * LOW HITPOINT WARNING * * *
The Killer Klown slaps you with a +11 club of venom!!!
* * * LOW HITPOINT WARNING * * *
You hear a skittering sound.
Genaf kicks you!!
You die...

▓......v....▓
▓...........▓▓▓▓▓▓▓▓▓▓
.....................▓
†..p.................▓
.)...................▓
†.......*............▓
.t..○§p&.............▓
.†)t.&&L°...........∩▓
p..)..&&○............▓
.)...................▓
.....................▓
.....................▓
.....................▓
▓...........▓▓▓▓▓▓▓▓▓▓
▓...........▓


You could see Genaf (clouds), Hiril (fast), Mixkogexa, Nafelec, Neeruvis
(clouds), 3 Killer Klowns, 2 apocalypse crabs, a friendly fire vortex and a
friendly battlesphere.

Vanquished Creatures
  Cerebov (Pan)
  the Royal Jelly (Slime:5)
  Gloorx Vloq (Pan)
  Lom Lobon (Pan)
  7 dread liches
  8 ancient liches
  Mennas (Depths:3)
  Mara (Vaults:4)
  13 juggernauts
  43 royal mummies
  Boris (4 times) (Vaults:4 Depths:2 Depths:3 Crypt:2)
  20 pandemonium lords
  3 Killer Klowns (Zig:18)
  Bai Suzhen (Depths:2)
  Frederick (Vaults:5)
  11 shard shrikes
  10 caustic shrikes
  Geryon (Hell)
  Nikola (Shoals:2)
  The ghost of Dacon the Minotaur Blade, an adept MiGl of Gozag (Vaults:4)
  13 golden dragons
  12 profane servitors
  A pearl dragon (Zig:26)
  26 Brimstone Fiends
  Arachne (Spider:4)
  22 bone dragons
  The ghost of ioannis32 the Severer, an adept DsBe of Trog (Vaults:3)
  41 Tzitzimimeh
  5 iron giants
  7 doom hounds
  Zenata (Crypt:2)
  A walking earthen tome (Depths:4)
  12 hellephants
  2 spectral shard shrikes (Tar:5)
  15 Hell Sentinels
  6 tainted leviathans
  21 tentacled monstrosities
  18 titans
  24 Ice Fiends
  25 searing wretches
  2 walking crystal tomes
  8 quicksilver dragons
  Murray (Depths:1)
  20 liches
  8 deep elf blademasters
  39 acid blobs
  A kraken (Shoals:4)
  47 Executioners
  Frances (Shoals:2)
  3 deep elf master archers
  18 ancient champions
  Polyphemus (Shoals:2)
  Kirke (Lair:5)
  46 tentacled starspawn
  12 sphinxes
  7 shadow dragons
  Donald (Shoals:2)
  18 azure jellies
  4 storm dragons
  28 nagarajas
  19 rockslimes
  2 tengu reavers (Vaults:5)
  6 draconian monks (Depths:4)
  13 revenants
  2 fenstrider witches (shapeshifter) (Zig:18)
  17 demonspawn warmongers
  17 fire giants
  5 daevas
  17 frost giants
  2 quicksilver elementals
  9 draconian knights
  15 vault wardens
  3 spectral juggernauts
  5 deep elf sorcerers (Elf:3)
  11 narguns
  2 iron dragons
  68 balrugs
  2 caustic shrike zombies
  An emperor scorpion (shapeshifter) (Elf:1)
  6 ghost moths
  2 draconian stormcallers (Zig:12)
  8 curse skulls
  2 draconian shifters
  3 draconian scorchers
  8 spectral caustic shrikes
  38 cacodemons
  2 deep elf elementalists
  9 orc warlords (Zig:21)
  7 angels
  6 shard shrike simulacra
  14 demonspawn corrupters
  11 war gargoyles
  17 stone giants
  6 draconian annihilators
  11 ironbound preservers
  39 reapers
  7 ghouls
  3 juggernaut zombies
  A juggernaut skeleton (Pan)
  A spriggan defender (Depths:1)
  42 very ugly things
  15 ironbound thunderhulks
  16 demonspawn blood saints
  A caustic shrike skeleton (Abyss:3)
  22 quicksilver oozes
  A stone giant (shapeshifter) (Zig:5)
  A broodmother (Spider:3)
  4 bennus
  27 demonspawn black suns
  3 ophanim
  9 putrid mouths
  8 green draconians
  13 vampire knights
  10 deep elf demonologists
  Nessos (D:13)
  An apis (Pan)
  2 nameless horrors
  18 elemental wellsprings
  Azrael (D:13)
  3 entropy weavers
  8 white draconians
  2 yellow draconians (Zig:12)
  2 spectral titans
  30 lorocyprocas
  7 spark wasps
  3 wendigos
  7 black draconians
  14 deep elf annihilators
  3 dire elephants (shapeshifter) (Zig:18)
  A minotaur (Gauntlet)
  6 bunyips
  5 dire elephants
  5 purple draconians
  9 red draconians
  38 green deaths
  34 blizzard demons
  5 iron golems
  2 spectral quicksilver dragons
  9 eidola
  29 mummy priests
  16 ettins
  A quicksilver dragon zombie (Depths:3)
  17 deep elf death magi
  3 merfolk javelineers
  8 crystal guardians
  13 jiangshi
  15 merfolk impalers
  A spectral iron giant (Tar:1)
  9 fire dragons
  3 spectral spriggans
  Josephine (D:10)
  18 great orbs of eyes
  8 shambling mangroves
  10 deep elf high priests
  2 quicksilver dragon skeletons
  14 yaktaur captains
  A spriggan zombie (Abyss:3)
  Harold (Lair:2)
  34 salamander tyrants
  15 hell beasts
  7 boulder beetles
  22 hydras
  9 caustic shrike simulacra
  37 vault guards
  12 ice dragons
  2 spriggan air magi
  5 ironbound frosthearts
  An elf skeleton (Pan)
  10 rakshasas
  3 jorogumos
  4 peacekeepers
  2 catoblepae
  3 radroaches
  17 centaur warriors
  7 ogre magi
  A fenstrider witch skeleton (Pan)
  20 two-headed ogres
  7 merfolk aquamancers
  A two-headed ogre (shapeshifter) (D:15)
  6 death knights
  6 juggernaut simulacra
  6 anacondas
  4 merfolk avatars
  An alligator (Zig:9)
  A spectral stone giant (Tar:2)
  2 alligator snapping turtles
  12 death yaks
  4 stokers
  25 hell hogs
  5 naga warriors
  3 satyrs
  84 death scarabs
  3 tengu warriors
  11 vampire magi
  14 orc high priests
  9 shock serpents
  9 deep troll shamans
  6 holy swine (Pan)
  A titan zombie (Tomb:1)
  30 dancing weapons
  8 naga sharpshooters
  A spectral dire elephant (Tar:2)
  59 thrashing horrors
  7 hell knights
  4 deep troll earth magi
  A spectral naga (Tar:1)
  10 spriggan berserkers
  A shock serpent (shapeshifter) (Vaults:5)
  76 soul eaters
  11 spriggans
  A crystal echidna (Zig:15)
  Urug (Lair:5)
  5 iron trolls
  2 salamander mystics
  133 sun demons
  15 shadow wraiths
  3 sun moths
  A storm dragon zombie (Zig:17)
  5 titan skeletons
  40 wretched stars
  A golden dragon zombie (Zig:17)
  16 deep elf knights
  11 pharaoh ants
  3 fire crabs
  31 skeletal warriors
  34 sixfirhies
  3 storm dragon skeletons
  Amaemon (Lair:1)
  A cherub (Pan)
  A goliath frog (Zig:9)
  3 sea snakes (shapeshifter)
  34 shadow demons
  9 orb spiders
  52 deep trolls
  8 flayed ghosts
  12 spatial maelstroms
  12 glowing orange brains
  A golden dragon skeleton (Zig:17)
  2 spectral hydras
  2 kraken simulacra
  A spectral bunyip (Tar:1)
  19 deep elf archers
  4 quicksilver dragon simulacra
  A spark wasp zombie (Crypt:2)
  14 sea snakes
  2 anaconda zombies (Hell)
  2 spectral iron dragons (Tar:2)
  12 steelbarb worms
  21 phantasmal warriors
  A glowing orange brain (shapeshifter) (Zig:5)
  A spriggan druid (Zig:9)
  4 spriggan simulacra
  3 obsidian statues
  14 death drakes
  5 naga ritualists
  6 orange crystal statues
  4 bog bodies
  19 lindwurms
  15 ironbound convokers
  17 wizards
  8 harpies
  An anaconda skeleton (Hell)
  9 swamp dragons
  9 necromancers
  Pikel (D:5)
  38 deep elf zephyrmancers
  3 spectral ettins
  7 orc sorcerers
  3 mana vipers
  4 orc knights
  32 deep elf pyromancers
  3 oklob plants
  11 fauns
  19 wolf spiders
  45 ugly things
  18 manticores
  A stone giant zombie (Vaults:5)
  4 salamanders
  23 shining eyes
  12 worldbinders
  A spectral fire dragon (Tar:1)
  8 cyclopes
  9 will-o-the-wisps
  9 elephants
  8 guardian serpents
  8 rust devils
  4 moths of wrath
  2 moths of wrath (shapeshifter) (Zig:18)
  3 spectral centaurs (Tar:2)
  An iron dragon skeleton (Hell)
  A fire giant skeleton (Crypt:1)
  30 black mambas
  8 merfolk sirens
  3 naga zombies
  An elephant (shapeshifter) (Zig:8)
  7 torpor snails
  10 ice statues
  13 naga magi
  4 water nymphs
  A water nymph (shapeshifter) (Elf:2)
  13 apocalypse crabs
  An alligator snapping turtle zombie (Abyss:3)
  26 vault sentinels
  A white draconian zombie (Crypt:2)
  3 centaur skeletons
  13 eyes of devastation
  14 cane toads
  46 orange demons
  42 hellions
  Maggie (D:7)
  168 smoke demons
  6 titan simulacra
  A grey draconian zombie (Crypt:2)
  A dire elephant skeleton (Tomb:1)
  9 unseen horrors
  3 kobold demonologists (D:10)
  An unseen horror (shapeshifter) (Spider:1)
  A gargoyle (Gauntlet)
  9 molten gargoyles
  A rime drake (shapeshifter) (Abyss:2)
  3 naga skeletons
  58 guardian mummies
  35 freezing wraiths
  A green draconian zombie (Crypt:2)
  57 demonic crawlers
  15 yaktaurs
  14 efreet
  A spark wasp simulacrum (Zig:10)
  6 rime drakes
  3 tengu conjurers
  3 golden dragon simulacra
  13 komodo dragons
  10 ice devils
  18 red devils
  32 hellwings
  9 anaconda simulacra
  3 iron giant simulacra
  2 spectral harpies
  4 harpy zombies
  42 tormentors
  A sea snake skeleton (Crypt:2)
  42 ancient zymes
  3 silent spectres
  3 bloated husks
  A sphinx simulacrum (Zig:10)
  27 hornets
  A queen bee (Gauntlet)
  2 tyrant leeches
  43 merfolk
  A polar bear (shapeshifter) (Abyss:4)
  A shadow dragon simulacrum (Vaults:5)
  178 slime creatures
  7 trolls
  A hydra zombie (Hell)
  2 polar bears
  4 harpy skeletons
  5 wind drakes
  The ghost of p0werm0de the Digger, an amateur MeEE (D:6)
  35 tarantellas
  A tengu simulacrum (Depths:3)
  A spectral swamp dragon (Tar:1)
  Grinder (D:3)
  51 raiju
  A snapping turtle (shapeshifter) (Zig:8)
  A dream sheep (shapeshifter) (Zig:15)
  19 blink frogs
  An ettin zombie (Crypt:2)
  3 hydra skeletons
  A radroach zombie (Crypt:2)
  2 iron dragon simulacra
  7 snapping turtles
  4 dream sheep
  An alligator zombie (Hell)
  102 flying skulls
  2 stone giant simulacra
  2 jumping spiders (shapeshifter)
  205 large abominations
  25 culicivoras
  A black mamba zombie (Crypt:1)
  3 centaur simulacra
  8 shadows
  3 ettin skeletons
  57 jumping spiders
  185 starcursed masses
  A dire elephant simulacrum (Coc:3)
  11 water elementals
  Sigmund (D:3)
  4 air elementals
  5 wyverns
  6 spriggan skeletons
  13 wraiths
  110 ynoxinuls
  12 ushabtiu
  3 vampires
  3 fire bats (Gauntlet)
  A steam dragon (D:7)
  20 golden eyes
  2 hogs (shapeshifter)
  49 yaks
  11 basilisks
  8 humans (D:14)
  4 sea snake simulacra
  A human (shapeshifter) (Vaults:5)
  7 vampire mosquitoes (D:12)
  3 death yak simulacra (Shoals:1)
  A minotaur simulacrum (IceCv)
  72 neqoxecs
  7 fire elementals
  43 redbacks
  An alligator snapping turtle simulacrum (Shoals:1)
  62 chaos spawn
  A tyrant leech zombie (Crypt:1)
  5 hogs (Lair:5)
  42 small abominations
  2 nagas
  3 wargs
  13 harpy simulacra
  8 water moccasins
  An acid dragon (shapeshifter) (Elf:1)
  3 acid dragons
  16 spatial vortices
  A hydra simulacrum (IceCv)
  7 floating eyes
  3 ice beasts
  3 swamp drakes
  26 hell hounds
  A dream sheep zombie (Crypt:1)
  2 sky beasts
  5 ettin simulacra
  34 orc warriors
  5 black bears
  2 satyr simulacra (Shoals:1)
  A black bear (shapeshifter) (D:15)
  7 alligator simulacra (IceCv)
  25 ogres
  5 wolves (Lair:3)
  12 boggarts
  9 centaurs
  2 phantoms
  A lemure (D:5)
  5 kobold brigands
  2 deep troll simulacra (IceCv)
  14 bullfrogs
  2 faun simulacra (Shoals:1)
  2 merfolk simulacra (Shoals:1)
  3 earth elementals
  A gnoll sergeant (D:9)
  4 scorpions
  4 necrophages
  A scorpion (shapeshifter) (D:12)
  2 wyvern skeletons (D:6)
  2 water moccasin skeletons
  13 wights
  8 killer bees
  A shapeshifter zombie (Crypt:1)
  A manticore simulacrum (Shoals:1)
  3 snapping turtle simulacra (Shoals:1)
  4 lindwurm simulacra (IceCv)
  7 electric eels
  7 howler monkeys
  9 crimson imps
  2 centaur zombies (D:6)
  6 lava snakes
  2 quasits (Abyss:3)
  6 bullfrog zombies (D:6)
  3 iron imps
  7 jellies
  30 orc priests
  A bullfrog skeleton (D:6)
  2 gnoll boudas
  7 hounds
  Terence (D:2)
  A cyclops simulacrum (Shoals:1)
  10 hell rats
  Natasha (thrice) (D:2)
  3 iguanas
  34 orc wizards
  A black bear skeleton (Crypt:1)
  Ijyb (D:3)
  3 howler monkey zombies (D:6)
  80 mummies
  18 gnolls
  10 adders
  2 shadow imps
  4 white imps
  4 ufetubi
  5 worms
  58 orcs
  4 ball pythons
  5 bats
  9 endoplasms
  5 giant cockroaches
  14 goblins
  5 hobgoblins
  6 jackals
  15 kobolds
  7 quokkas
  An endoplasm zombie (Crypt:2)
  2 frilled lizards
  A giant cockroach zombie (Crypt:1)
  A gnoll zombie (Crypt:1)
  A goblin skeleton (Crypt:1)
  A quokka skeleton (Crypt:1)
  5 rats
  6 ball lightnings (Pan)
  336 fire vortices
  A foxfire (Orc:1)
  3 lurking horrors
  27 starspawn tentacles
  2 tentacles (Shoals:4)
6550 creatures vanquished.

Vanquished Creatures (collateral kills)
  Mnoleg (Pan)
  A dread lich (Abyss:3)
  A juggernaut (Zig:21)
  2 royal mummies (Tomb:1)
  2 golden dragons (Depths:4)
  A profane servitor (Zig:12)
  6 Tzitzimimeh
  2 bone dragons
  A pandemonium lord (Pan)
  A hellephant (Abyss:5)
  A doom hound (Tar:5)
  An iron giant (Dis:3)
  An Ice Fiend (Pan)
  A lich (Tomb:1)
  A tentacled monstrosity (Depths:4)
  2 acid blobs (Slime:5)
  A quicksilver dragon (Depths:4)
  An Executioner (Abyss:5)
  2 tentacled starspawn
  2 sphinxes
  An ancient champion (Crypt:2)
  A shadow dragon (Vaults:5)
  A draconian monk (Depths:4)
  A fire giant (Depths:4)
  A frost giant (Depths:4)
  A nagaraja (Zig:14)
  Aizul (Depths:2)
  A draconian scorcher (Zig:12)
  A juggernaut zombie (Depths:3)
  A balrug (Pan)
  2 angels
  A reaper (Tar:5)
  3 stone giants
  An ophan (Zig:15)
  A caustic shrike skeleton (Depths:3)
  5 very ugly things
  2 apis (Pan)
  A putrid mouth (Tar:2)
  A wendigo (Coc:4)
  2 bennus (Tomb:2)
  A lorocyproca (Pan)
  A white draconian (Depths:4)
  2 spectral titans
  A black draconian (Depths:4)
  2 red draconians (Depths:4)
  4 purple draconians (Depths:4)
  2 ettins (Vaults:5)
  2 eidola (Tar:2)
  6 iron golems
  A fire dragon (Depths:4)
  A vault guard (Vaults:5)
  2 ice dragons
  A hell beast (Pan)
  7 death scarabs
  A tengu warrior (Depths:4)
  3 thrashing horrors (Abyss:5)
  A spriggan berserker (Depths:3)
  A shock serpent (Zig:14)
  A soul eater (Pan)
  7 sun demons (Pan)
  An iron troll (Depths:3)
  A wretched star (Abyss:3)
  A skeletal warrior (Crypt:3)
  A sixfirhy (Abyss:4)
  A deep troll (Depths:3)
  A cherub (Pan)
  A steelbarb worm (shapeshifter) (Vaults:4)
  A spatial maelstrom (Abyss:4)
  9 starcursed masses
  A spectral anaconda (Tar:3)
  An anaconda zombie (Hell)
  2 flayed ghosts (Crypt:3)
  A phantasmal warrior (Crypt:3)
  A harpy (Zig:13)
  11 large abominations
  An ugly thing (Abyss:4)
  2 shadow dragon skeletons
  An apocalypse crab (Abyss:4)
  4 smoke demons
  A demonic crawler (Pan)
  An anaconda simulacrum (Coc:3)
  An ice devil (Abyss:3)
  A tormentor (Depths:1)
  A freezing wraith (Abyss:4)
  3 ancient zymes
  A spectral harpy (Tar:2)
  A guardian mummy (Tomb:2)
  A tengu simulacrum (Depths:1)
  A merfolk (Zig:13)
  2 slime creatures
  6 raiju
  2 blink frogs
  4 flying skulls
  A centaur simulacrum (Hell)
  An ettin skeleton (Tomb:1)
  2 ynoxinuls (Abyss:3)
  4 chaos spawn
  A hell hound (Depths:1)
  A floating eye (Pan)
  An orc warrior (Vaults:5)
  2 necrophages (Crypt:3)
  9 small abominations
  A bullfrog zombie (D:6)
  A bullfrog skeleton (Crypt:2)
  14 mummies
  A white imp (Abyss:3)
  An ufetubus (Abyss:3)
  A lurking horror (Abyss:5)
  A starspawn tentacle (Abyss:3)
217 creatures vanquished.

Vanquished Creatures (others)
  A pandemonium lord (Pan)
  An Executioner (Zig:24)
  2 eldritch tentacles (Pan)
  A fire giant (shapeshifter) (Zig:18)
  A very ugly thing (Zig:18)
  A demonspawn blood saint (Pan)
  A blizzard demon (Pan)
  A shambling mangrove (Zig:25)
  A vault guard (D:14)
  An anaconda (shapeshifter) (Zig:18)
  A catoblepas (D:13)
  A thrashing horror (Abyss:5)
  A soul eater (Pan)
  An iron troll (Depths:2)
  A storm dragon skeleton (Hell)
  An orb spider (shapeshifter) (Zig:18)
  An orb spider (Spider:3)
  A naga ritualist (Zig:23)
  2 ugly things
  2 apocalypse crabs (Zig:18)
  A smoke demon (Pan)
  A rime drake (Zig:10)
  2 ynoxinuls (Pan)
  2 golden eyes (Abyss:5)
  A naga (Abyss:5)
  2 small abominations (Abyss:3)
  A large abomination (Abyss:4)
  A swamp drake (Abyss:5)
  A hell rat (Hell)
  9 ball lightnings
  29 bushes
  1276 fire vortices
  824 foxfires
  29 fungi
  3 lurking horrors
  68 plants
  51 starspawn tentacles
  10 tentacles
  6 withered plants (D:6)
2340 creatures vanquished.

Grand Total: 9107 creatures vanquished

Notes
Turn   | Place    | Note
-------+----------+-------------------------------------------
     0 | D:1      | Ashen the Demonspawn Fire Elementalist began the quest for
                  | the Orb.
     0 | D:1      | Reached XP level 1. HP: 13/13 MP: 3/3
    80 | D:1      | Found a faded altar of an unknown god.
   335 | D:1      | Gained mutation: You sometimes gain a little power by
                  | taking damage. [demonic ancestry]
   335 | D:1      | Reached XP level 2. HP: 19/19 MP: 1/5
  1275 | D:2      | Reached XP level 3. HP: 25/25 MP: 3/6
  1301 | D:2      | Found an iron altar of Okawaru.
  1459 | D:2      | Noticed Terence
  1575 | D:2      | Reached skill level 1 in Fighting
  1680 | D:2      | Noticed Natasha
  1687 | D:2      | Killed Natasha
  1688 | D:2      | Gained mutation: Your demonic aura sometimes causes spilled
                  | blood to erupt in flames. [demonic ancestry]
  1688 | D:2      | Reached XP level 4. HP: 29/32 MP: 0/7
  1806 | D:2      | Noticed Natasha
  1814 | D:2      | Killed Natasha
  2395 | D:2      | Noticed Natasha
  2402 | D:2      | Killed Natasha
  2403 | D:2      | Reached XP level 5. HP: 37/37 MP: 1/9
  2763 | D:3      | Noticed Grinder
  2844 | D:3      | Identified the amulet of Ubidaa Naeki {Reflect Fragile
                  | Str+5 SH+5}
  3228 | D:3      | Learned a level 2 spell: Scorch
  3290 | D:3      | Noticed Ijyb
  3299 | D:3      | Learned a level 4 spell: Flame Wave
  3312 | D:3      | Killed Ijyb
  3519 | D:3      | Reached XP level 6. HP: 24/44 MP: 6/10
  4060 | D:4      | Found a shadowy altar of Dithmenos.
  4376 | D:4      | Found a staircase to the Ecumenical Temple.
  4389 | Temple   | Entered the Ecumenical Temple
  4979 | D:4      | Gained mutation: You have a pair of small antennae on your
                  | head. [demonic ancestry]
  4979 | D:4      | Reached XP level 7. HP: 27/50 MP: 10/12
  5197 | D:4      | Found a radiant altar of Vehumet.
  5205 | D:4      | Became a worshipper of Vehumet
  6217 | D:3      | Noticed Sigmund
  6673 | D:5      | Entered Level 5 of the Dungeon
  6698 | D:5      | Noticed Pikel
  7669 | D:5      | Gained mutation: You are partially covered in razor-sharp
                  | scales. (AC +1, Slay +1) [demonic ancestry]
  7669 | D:5      | Reached XP level 8. HP: 55/57 MP: 12/14
  8253 | D:5      | Killed Pikel
  8254 | D:5      | Reached skill level 5 in Spellcasting
  8254 | D:5      | Reached skill level 5 in Conjurations
  8254 | D:5      | Reached skill level 5 in Fire Magic
  8697 | D:6      | Reached * piety under Vehumet
  8697 | D:6      | Offered knowledge of Shock by Vehumet.
  8754 | D:5      | Reached XP level 9. HP: 25/65 MP: 6/17
  9803 | D:6      | Offered knowledge of Freeze by Vehumet.
  9839 | D:6      | Reached ** piety under Vehumet
  9899 | D:6      | Found a runed translucent door.
  9905 | D:6      | Noticed p0werm0de's ghost (amateur MeEE)
 10529 | D:7      | Found Xaqaamawaa's Weapon Emporium.
 10838 | D:7      | Reached skill level 5 in Stealth
 11015 | D:7      | Noticed Maggie
 11489 | D:8      | Offered knowledge of Static Discharge by Vehumet.
 11495 | D:8      | Reached XP level 10. HP: 69/73 MP: 16/19
 11736 | D:8      | Reached *** piety under Vehumet
 11737 | D:8      | Reached skill level 5 in Fighting
 11926 | D:8      | Reached skill level 5 in Dodging
 12302 | D:8      | Found a bloodstained altar of Trog.
 12406 | D:9      | Found a viscous altar of Jiyva.
 12678 | D:9      | Found a staircase to the Orcish Mines.
 12688 | Orc:1    | Entered Level 1 of the Orcish Mines
 12702 | D:9      | Offered knowledge of Fulminant Prism by Vehumet.
 13436 | Orc:1    | Noticed an oklob plant
 13452 | Orc:2    | Entered Level 2 of the Orcish Mines
 13452 | Orc:2    | Noticed an orc high priest
 13468 | Orc:1    | Learned a level 3 spell: Stone Arrow
 13659 | Orc:1    | Killed an oklob plant
 13927 | Orc:2    | Noticed an orc sorcerer
 13930 | Orc:2    | Noticed a smoke demon
 13931 | Orc:2    | Killed an orc high priest
 13932 | Orc:2    | Noticed a rust devil
 13940 | Orc:1    | Killed an orc sorcerer
 13941 | Orc:1    | Gained mutation: You sometimes gain power by taking damage.
                  | [demonic ancestry]
 13941 | Orc:1    | Reached XP level 11. HP: 12/81 MP: 14/22
 14245 | Orc:2    | Noticed an orc knight
 14347 | D:9      | Found Xumam's Jewellery Boutique.
 14355 | D:9      | Bought a ring of see invisible for 165 gold pieces
 14514 | D:9      | Noticed a two-headed ogre
 14661 | D:9      | Reached **** piety under Vehumet
 15044 | D:9      | Found an iron altar of Okawaru.
 15060 | D:9      | Killed a two-headed ogre
 15356 | D:10     | Entered Level 10 of the Dungeon
 15495 | D:10     | Offered knowledge of Iskenderun's Battlesphere by Vehumet.
 15888 | D:10     | Noticed a sixfirhy
 16055 | D:10     | Noticed Josephine
 16256 | D:10     | Found a blossoming altar of Fedhas.
 16792 | D:11     | Found a staircase to the Lair.
 16808 | D:11     | Found Iwyem's Antique Armour Shoppe.
 16836 | D:11     | Found Pyurhir's Book Boutique.
 16986 | D:11     | Noticed a two-headed ogre
 16989 | D:11     | Killed a two-headed ogre
 17399 | D:11     | Noticed a vault guard
 17476 | D:11     | Noticed a seven-headed hydra
 17488 | D:11     | Killed a seven-headed hydra
 17659 | D:11     | Found a portal to a secret trove of treasure.
 17759 | Lair:1   | Entered Level 1 of the Lair of Beasts
 17844 | Lair:1   | Noticed a boulder beetle
 17858 | Lair:1   | HP: 3/83 [boulder beetle (28)]
 17866 | Lair:1   | Killed a boulder beetle
 17867 | Lair:1   | Reached XP level 12. HP: 42/89 MP: 25/25
 18338 | Lair:1   | Reached skill level 10 in Conjurations
 18406 | Lair:1   | Noticed Amaemon
 18563 | Lair:1   | Killed Amaemon
 19168 | Lair:2   | Found a gate leading to a gauntlet.
 19176 | Lair:2   | Noticed Harold
 19179 | Gauntlet | Entered a Gauntlet
 19179 | Gauntlet | Found a large runed translucent door.
 19179 | Gauntlet | Found a large runed translucent door.
 19179 | Gauntlet | Found a large runed translucent door.
 19179 | Gauntlet | Found a large runed translucent door.
 19179 | Gauntlet | Found a large runed translucent door.
 19179 | Gauntlet | Found a large runed translucent door.
 19179 | Gauntlet | Found a large runed translucent door.
 19179 | Gauntlet | Found a large runed translucent door.
 19179 | Gauntlet | Found a runed translucent door.
 19179 | Gauntlet | Found a runed translucent gate.
 19179 | Gauntlet | Found a transporter.
 19179 | Gauntlet | Found a transporter.
 19179 | Gauntlet | Found a runed translucent gate.
 19179 | Gauntlet | Found a transporter.
 19180 | Gauntlet | Found a transporter.
 19183 | Gauntlet | Found a transporter.
 19183 | Gauntlet | Found a transporter.
 19197 | Gauntlet | Found a transporter.
 19198 | Gauntlet | Found a transporter.
 19198 | Gauntlet | Noticed a catoblepas
 19207 | Gauntlet | Found a transporter.
 19281 | Gauntlet | Found a runed translucent door.
 19282 | Gauntlet | Found a large runed translucent door.
 19282 | Gauntlet | Found a large runed translucent door.
 19282 | Gauntlet | Found a large runed translucent door.
 19282 | Gauntlet | Found a large runed translucent door.
 19283 | Gauntlet | Found a large runed translucent door.
 19283 | Gauntlet | Found a large runed translucent door.
 19284 | Gauntlet | Found a large runed translucent door.
 19284 | Gauntlet | Found a large runed translucent door.
 19293 | Gauntlet | Found a runed translucent gate.
 19309 | Gauntlet | Found a transporter.
 19313 | Gauntlet | Found a transporter.
 19325 | Gauntlet | Found a transporter.
 19459 | Gauntlet | Learned a level 5 spell: Iskenderun's Battlesphere
 19499 | Gauntlet | Reached skill level 10 in Fire Magic
 19580 | Gauntlet | Killed a catoblepas
 19585 | Gauntlet | Reached skill level 10 in Spellcasting
 19595 | Gauntlet | Identified the +3 leather armour of a Labyrinth {rElec
                  | Int+3 Stlth+}
 20060 | Gauntlet | Identified the ring of Sin {rC+ Str+3}
 20060 | Gauntlet | Noticed a minotaur
 20153 | Gauntlet | Killed a minotaur
 20963 | Lair:2   | Noticed a four-headed hydra
 20971 | Lair:2   | Killed a four-headed hydra
 21005 | Lair:2   | Gained mutation: You have a pair of antennae on your head.
                  | [demonic ancestry]
 21005 | Lair:2   | Reached XP level 13. HP: 101/101 MP: 17/27
 21589 | Lair:2   | Reached ***** piety under Vehumet
 21595 | Lair:2   | Offered knowledge of Hailstorm by Vehumet.
 21616 | Lair:2   | Killed Harold
 21617 | Lair:2   | Reached skill level 10 in Fighting
 21629 | Lair:2   | Learned a level 4 spell: Hailstorm
 22338 | Lair:3   | Found a staircase to the Shoals.
 22353 | Lair:3   | Reached skill level 10 in Dodging
 22588 | Lair:3   | Found a hole to the Spider Nest.
 22924 | Lair:3   | Found a dark tunnel.
 22933 | Volcano  | Entered a volcano
 22943 | Volcano  | Learned a level 8 spell: Lehudib's Crystal Spear
 23041 | Volcano  | Reached skill level 1 in Earth Magic
 23081 | Volcano  | Noticed a red draconian
 23092 | Volcano  | Killed a red draconian
 24507 | Lair:4   | Found a staircase to the Slime Pits.
 24642 | Lair:4   | Identified the +1 ring mail "Goeqaofu" {Str+5 Dex+3 Slay-4}
 25246 | Lair:4   | Gained mutation: You are powered by pain. [demonic
                  | ancestry]
 25246 | Lair:4   | Reached XP level 14. HP: 110/110 MP: 26/29
 25546 | Lair:5   | Entered Level 5 of the Lair of Beasts
 25716 | Lair:5   | Noticed Urug
 25815 | Lair:5   | Noticed Kirke
 25848 | Lair:5   | Noticed a sphinx
 25857 | Lair:5   | Killed Kirke
 26101 | Lair:5   | Offered knowledge of Fireball by Vehumet.
 26214 | Lair:5   | Learned a level 5 spell: Fireball
 26451 | Lair:5   | Reached skill level 5 in Earth Magic
 26479 | Lair:5   | Found a large runed translucent door.
 26836 | Lair:5   | Found a large runed translucent door.
 27808 | D:11     | Found a staircase to the Lair.
 27823 | D:11     | Found Iwyem's Antique Armour Shoppe.
 28143 | D:11     | Found a portal to a secret trove of treasure.
 28192 | D:11     | Found Pyurhir's Book Boutique.
 28512 | D:10     | Found a blossoming altar of Fedhas.
 28711 | D:10     | Killed Josephine
 29191 | D:7      | Killed Maggie
 29350 | D:6      | Killed p0werm0de's ghost
 29515 | D:3      | Killed Grinder
 30322 | D:3      | Killed Sigmund
 30496 | D:2      | Found an iron altar of Okawaru.
 31010 | D:2      | Killed Terence
 31302 | D:12     | Found a shimmering altar of Xom.
 31302 | D:12     | Found a shimmering altar of Xom.
 31305 | D:12     | Found a shimmering altar of Xom.
 31305 | D:12     | Found a shimmering altar of Xom.
 31635 | D:12     | Identified the +11 rapier "Ettebb" {vorpal, rC+ Will+}
 32495 | D:12     | Identified the +5 pair of gloves of Zynaodgh {Will+ Str+4}
 32859 | Orc:2    | Found a staircase to the Elven Halls.
 33107 | Orc:2    | Found Koulo's Jewellery Emporium.
 33119 | Orc:2    | Found Juangyn's General Store.
 33671 | Orc:2    | Found Xughog's Weapon Emporium.
 33674 | Orc:2    | Found Fusoes's Jewellery Shoppe.
 33679 | Orc:2    | Found Xiujon's Antique Weapon Emporium.
 33679 | Orc:2    | Found Joadieq's Weapon Shoppe.
 33685 | Orc:2    | Offered knowledge of Lee's Rapid Deconstruction by Vehumet.
 33755 | Orc:2    | Bought the +0 staff of Battle for 1280 gold pieces
 33755 | Orc:2    | Found the +0 staff of Battle
 33844 | Orc:2    | Found Gaakkaont's Armour Boutique.
 33889 | Orc:2    | Bought the +1 pair of gloves of Wonder {+Blink rElec} for
                  | 457 gold pieces
 34643 | Orc:2    | Bought the ring "Vutonkyp" {Fire Int+5} for 637 gold pieces
 34788 | D:13     | Gained mutation: You are mostly covered in razor-sharp
                  | scales. (AC +2, Slay +2) [demonic ancestry]
 34788 | D:13     | Reached XP level 15. HP: 102/115 MP: 0/31
 34791 | D:13     | Noticed Azrael
 34891 | D:13     | Reached skill level 1 in Evocations
 35079 | D:13     | Noticed Nessos
 36142 | D:13     | Killed Nessos
 36899 | D:14     | Offered knowledge of Starburst by Vehumet.
 36907 | D:14     | Learned a level 6 spell: Starburst
 37060 | D:14     | Found a gate to the Vaults.
 37323 | D:15     | Entered Level 15 of the Dungeon
 37464 | D:15     | Found a frozen archway.
 37470 | IceCv    | Entered an ice cave
 37668 | IceCv    | Found the +4 skin of Zhor {*Englaciate rC+++ SInv}
 37740 | IceCv    | Found an ancient bone altar of Kikubaaqudgha.
 37748 | IceCv    | Reached skill level 5 in Evocations
 37917 | IceCv    | Noticed a lich
 37919 | IceCv    | Killed a lich
 38152 | IceCv    | Found the +2 Maxwell's thermic engine {flame, freeze}
 38168 | IceCv    | Got the Omnibus of Hypothermia and the Mortuary
 38813 | D:15     | Found a staircase to the Depths.
 38889 | D:15     | Gained mutation: You are completely covered in razor-sharp
                  | scales. (AC +3, Slay +3) [demonic ancestry]
 38889 | D:15     | Reached XP level 16. HP: 122/122 MP: 24/32
 38894 | D:15     | Reached skill level 10 in Earth Magic
 39824 | Shoals:1 | Entered Level 1 of the Shoals
 40118 | Shoals:1 | Offered knowledge of Spellforged Servitor by Vehumet.
 40133 | Shoals:1 | Learned a level 7 spell: Spellforged Servitor
 40560 | Shoals:1 | Found a runed translucent gate.
 40560 | Shoals:1 | Found a runed translucent gate.
 40560 | Shoals:1 | Found a runed translucent gate.
 41130 | Shoals:2 | Noticed Nikola
 41137 | Shoals:2 | Killed Nikola
 41143 | Shoals:2 | Noticed Frances
 41143 | Shoals:2 | Noticed Polyphemus
 41308 | Shoals:2 | Killed Frances
 41336 | Shoals:2 | Killed Polyphemus
 41337 | Shoals:2 | Reached skill level 15 in Conjurations
 42083 | Shoals:2 | Noticed Donald
 42087 | Shoals:2 | Killed Donald
 43027 | Shoals:3 | Found Awnilae's Book Boutique.
 43373 | Shoals:4 | Entered Level 4 of the Shoals
 43907 | Shoals:4 | Identified the +8 demon whip of the Ferocious God {elec,
                  | rC+}
 44314 | Shoals:4 | Noticed a kraken
 44320 | Shoals:4 | Killed a kraken
 44334 | Shoals:4 | Got a barnacled rune of Zot
 44866 | Shoals:4 | Gained mutation: You have a pair of large antennae on your
                  | head. (SInv) [demonic ancestry]
 44866 | Shoals:4 | Reached XP level 17. HP: 128/128 MP: 34/34
 45275 | Shoals:4 | Offered knowledge of Freezing Cloud by Vehumet.
 45281 | Shoals:4 | Reached skill level 1 in Shields
 45700 | Spider:1 | Entered Level 1 of the Spider Nest
 47361 | Spider:2 | Reached ****** piety under Vehumet
 47535 | Spider:2 | Offered knowledge of Ozocubu's Refrigeration by Vehumet.
 47547 | Spider:2 | Learned a level 7 spell: Ozocubu's Refrigeration
 49238 | Spider:3 | Offered knowledge of Fire Storm by Vehumet.
 49238 | Spider:3 | Offered knowledge of Shatter by Vehumet.
 49238 | Spider:3 | Offered knowledge of Chain Lightning by Vehumet.
 49481 | Spider:3 | Reached XP level 18. HP: 124/134 MP: 33/36
 50785 | Spider:4 | Entered Level 4 of the Spider Nest
 50954 | Spider:4 | Reached skill level 5 in Shields
 51121 | Spider:4 | Noticed Arachne
 51280 | Spider:4 | Killed Arachne
 52147 | Spider:4 | Got a gossamer rune of Zot
 52540 | Vaults:1 | Entered Level 1 of the Vaults
 52811 | Vaults:1 | Reached skill level 15 in Spellcasting
 52950 | Vaults:1 | Reached skill level 15 in Earth Magic
 54759 | Vaults:2 | Found a flickering gateway to a bazaar.
 54765 | Bazaar   | Entered a bazaar
 54765 | Bazaar   | Found Hotroef's Antique Weapon Shop.
 54790 | Bazaar   | Found Bozeerei's Distillery.
 54798 | Bazaar   | Bought a potion of heal wounds for 75 gold pieces
 54810 | Bazaar   | Found Otrek Dey's Antique Armour Shop.
 54979 | Vaults:2 | Reached skill level 15 in Fire Magic
 55188 | Vaults:2 | Gained mutation: You are robust. (+10% HP) [demonic
                  | ancestry]
 55188 | Vaults:2 | Reached XP level 19. HP: 134/154 MP: 8/38
 55902 | Vaults:2 | Found a staircase to the Crypt.
 55971 | Vaults:2 | Identified the +2 helmet of the Yeti {*Corrode rN+ SInv}
 56642 | Vaults:3 | Learned a level 9 spell: Fire Storm
 58114 | Vaults:3 | Found a runed translucent door.
 58114 | Vaults:3 | Noticed ioannis32's ghost (adept DsBe)
 58734 | Vaults:4 | Noticed Boris
 58744 | Vaults:4 | Killed Boris
 59253 | Vaults:4 | Gained mutation: Your demonic aura often causes spilled
                  | blood to erupt in flames. [demonic ancestry]
 59253 | Vaults:4 | Reached XP level 20. HP: 161/161 MP: 32/39
 59411 | Vaults:4 | Got the Vademecum on Incandescence
 59924 | Vaults:4 | Noticed a dread lich
 60082 | Vaults:4 | Got the Directory of Poisoning
 60342 | Vaults:4 | Found a transporter.
 60352 | Vaults:4 | Identified the +9 great mace "Lebb" {freeze, +Blink rF+
                  | Int+3 Dex+2}
 60352 | Vaults:4 | Noticed Dacon's ghost (adept MiGl)
 60359 | Vaults:4 | Found a transporter.
 60375 | Vaults:4 | Found Byseudok's General Store.
 60382 | Vaults:4 | Bought 2 silver javelins for 91 gold pieces
 60382 | Vaults:4 | Bought a scroll of teleportation for 57 gold pieces
 60382 | Vaults:4 | Bought a scroll of torment for 180 gold pieces
 60382 | Vaults:4 | Bought a scroll of brand weapon for 180 gold pieces
 60382 | Vaults:4 | Bought a scroll of brand weapon for 180 gold pieces
 60526 | Vaults:4 | Noticed Mara
 60532 | Vaults:4 | Noticed Ashen's illusion
 60751 | Vaults:4 | Noticed Ashen's illusion
 60753 | Vaults:4 | Killed Mara
 61833 | Elf:1    | Entered Level 1 of the Elven Halls
 62741 | Elf:1    | Found Manokeos's Jewellery Emporium.
 62741 | Elf:1    | Found Yrogaa Hoon's Book Shop.
 62742 | Elf:1    | Found Sodghic's Jewellery Emporium.
 63000 | Elf:1    | Found Ykomemat's Assorted Antiques.
 63010 | Elf:1    | Bought a scroll of enchant armour for 195 gold pieces
 63010 | Elf:1    | Bought a box of beasts for 1040 gold pieces
 63372 | Elf:2    | Found a runed translucent gate.
 63372 | Elf:2    | Found a runed translucent gate.
 63373 | Elf:2    | Found a runed translucent gate.
 64932 | Elf:3    | Entered Level 3 of the Elven Halls
 65118 | Elf:3    | Found Usaoh's General Store.
 65188 | Elf:3    | Reached XP level 21. HP: 168/168 MP: 22/40
 65666 | Elf:3    | Identified the +3 pair of boots of Narcissism {rF+}
 66032 | Elf:3    | Found Dila's Tremendous Tomes.
 66128 | Elf:3    | Identified the +9 broad axe of Accord {protect, rElec rPois
                  | Dex+2 SInv}
 66128 | Elf:3    | Identified the ring of Kaahif {rElec rPois rF+ EV+4}
 66129 | Elf:3    | Identified the +6 flail of Soix {vorpal, Str+5 Int-2 Dex+7}
 66661 | Elf:3    | Got Omuyg's Lectures on the Creative Brume
 67186 | Depths:1 | Entered Level 1 of the Depths
 67287 | Depths:1 | Found a gateway to Hell.
 67801 | Depths:1 | Found an opulent altar of Gozag.
 67956 | Depths:1 | Reached skill level 10 in Evocations
 68656 | D:11     | You paid a toll of +2 ice dragon scales to enter a treasure
                  | trove
 68657 | Trove    | Entered a treasure trove
 68659 | Trove    | Found the +0 pair of fencer's gloves {Riposte Dex+3}
 68659 | Trove    | Found the +7 Kryia's mail coat {PotionHeal*2 rC+}
 68664 | Trove    | Identified the +3 plate armour of Sisowk {-Tele rN+++
                  | Dex+3}
 68665 | Trove    | Identified the +4 ring mail of Omapsyefie {rC- rCorr Str+6}
 68668 | Trove    | Identified the +2 ring mail "Ihykuomi" {*Slow Regen+ rCorr
                  | Str-4}
 68670 | Trove    | Identified the +0 leather armour of Grace {rElec rN+
                  | Regen+}
 68671 | Trove    | Identified the +0 plate armour of the Lizard {rElec}
 68672 | Trove    | Identified the +0 kite shield "Ronamu" {+Inv rElec rF-
                  | rCorr Dex-3}
 68673 | Trove    | Identified the +1 buckler "Kij Ihod" {Str+2}
 68674 | Trove    | Identified the +1 pair of gloves "Omeopor" {rC+}
 68675 | Trove    | Identified the +1 pair of boots "Necvoush" {*Slow +Inv rF+
                  | Dex+3}
 68676 | Trove    | Identified the +1 plate armour of the Kettle-Drum {SInv}
 69599 | Depths:2 | Noticed Bai Suzhen
 69938 | Depths:2 | Noticed Boris
 69942 | Depths:2 | Killed Boris
 70086 | Depths:2 | Found a one-way gate leading to the halls of Pandemonium.
 70665 | Depths:2 | Found a one-way gate to the infinite horrors of the Abyss.
 70687 | Depths:2 | Killed Bai Suzhen
 70688 | Depths:2 | Reached XP level 22. HP: 174/174 MP: 18/41
 70863 | Depths:2 | Got the Almanac of the Congregation
 71000 | Depths:3 | Noticed Mennas
 71000 | Depths:3 | Noticed Boris
 71000 | Depths:3 | Identified a scroll of acquirement
 71003 | Depths:3 | Killed Mennas
 71006 | Depths:3 | Killed Boris
 71027 | Depths:3 | Paralysed by a floating eye for 2 turns
 71179 | Depths:3 | Identified the +1 leather armour of the Ecumenical Temple
                  | {rF+ Str+7}
 71209 | Depths:3 | Acquired 1155 gold pieces
 72192 | Depths:4 | Entered Level 4 of the Depths
 72463 | Depths:4 | Found a broken altar of Ashenzari.
 72668 | Hell     | Entered the Vestibule of Hell
 72668 | Hell     | Noticed Geryon
 72697 | Depths:2 | Noticed Aizul
 72706 | Depths:2 | Killed Aizul
 72986 | Depths:4 | Noticed a golden dragon
 72990 | Depths:4 | Killed a golden dragon
 73243 | Depths:4 | Noticed a golden dragon
 73247 | Depths:4 | Killed a golden dragon
 73519 | Depths:4 | Noticed a golden dragon
 73524 | Depths:4 | Killed a golden dragon
 74058 | Depths:4 | Found Rorep's Assorted Antiques.
 74480 | Depths:4 | Gained mutation: You are very robust. (+20% HP) [demonic
                  | ancestry]
 74480 | Depths:4 | Reached XP level 23. HP: 181/205 MP: 39/43
 75031 | Depths:4 | Found a gate to the Realm of Zot.
 75062 | Depths:4 | Reached skill level 10 in Shields
 75260 | Depths:4 | Got the Incunabulum of the Tempest
 75665 | Depths:3 | Found a one-way gateway to a ziggurat.
 76377 | D:13     | Killed Azrael
 76692 | Vaults:5 | Entered Level 5 of the Vaults
 76694 | Vaults:5 | Noticed an ancient lich
 76698 | Vaults:5 | Killed an ancient lich
 76701 | Vaults:5 | Noticed an ancient lich
 76901 | Vaults:5 | Killed an ancient lich
 77329 | Vaults:5 | Identified the +3 scale mail of the Heron {rCorr Str-3
                  | Int+3}
 77866 | Vaults:5 | Noticed Frederick
 77869 | Vaults:5 | Killed Frederick
 78637 | Vaults:5 | Got a silver rune of Zot
 78676 | Vaults:5 | Gained mutation: Your demonic aura causes all spilled blood
                  | to erupt in flames. [demonic ancestry]
 78676 | Vaults:5 | Reached XP level 24. HP: 218/218 MP: 38/45
 79114 | Vaults:5 | Found Pifab's Weapon Shop.
 79327 | Vaults:5 | Found Enerph's Assorted Antiques.
 79335 | Vaults:5 | Bought a potion of haste for 290 gold pieces
 80052 | Elf:3    | Bought the Directory of Terrestrial Iniquitous Arts for
                  | 1146 gold pieces
 80061 | Elf:3    | Learned a level 8 spell: Necromutation
 80103 | Elf:1    | Bought an amulet of magic regeneration for 570 gold pieces
 80110 | Elf:1    | Bought a manual of Earth Magic for 1040 gold pieces
 80219 | Elf:3    | Bought a lightning rod (4/4) for 300 gold pieces
 80528 | Hell     | Reached skill level 1 in Necromancy
 80528 | Hell     | Reached skill level 1 in Transmutations
 80535 | Hell     | Noticed Murray
 81024 | Depths:1 | Killed Murray
 82372 | Hell     | Killed Geryon
 82739 | Hell     | Reached skill level 5 in Necromancy
 82884 | Hell     | Found a gateway to the decaying netherworld of Tartarus.
 83030 | Hell     | Found a gateway to the ashen valley of Gehenna.
 83064 | Hell     | Found a gateway to the Iron City of Dis.
 83246 | Hell     | Found a gateway to the freezing wastes of Cocytus.
 83730 | Lair:5   | Killed Urug
 84830 | Shoals:1 | Identified the +8 flail of Callousness {drain, rElec rF+
                  | rC+ Str-4}
 85246 | Vaults:3 | Killed ioannis32's ghost
 85401 | Vaults:4 | Reached skill level 5 in Transmutations
 85408 | Vaults:4 | Killed Dacon's ghost
 85593 | Vaults:4 | Identified the +0 cloak "Arefo" {Will+ Dex+3}
 85759 | Crypt:1  | Entered Level 1 of the Crypt
 87182 | Crypt:2  | Noticed Zenata
 87184 | Crypt:2  | Killed Zenata
 87187 | Crypt:2  | Noticed Boris
 87190 | Crypt:2  | Killed Boris
 87667 | Crypt:3  | Entered Level 3 of the Crypt
 88363 | Crypt:3  | Found a basalt altar of Yredelemnul.
 88365 | Crypt:3  | Reached XP level 25. HP: 229/229 MP: 42/45
 89169 | Crypt:3  | Identified the +5 bardiche of Conformity {pain, Dex+3}
 89272 | Crypt:3  | Noticed a dread lich
 89274 | Crypt:3  | Killed a dread lich
 89413 | Crypt:3  | Found a staircase to the Tomb.
 89556 | Crypt:3  | Identified the +1 robe of Wonderful Amelioration {Rampage
                  | rC- rCorr SInv}
 89596 | Tomb:1   | Entered Level 1 of the Tomb of the Ancients
 90328 | Geh:1    | Entered Level 1 of Gehenna
 90345 | Geh:1    | Reached skill level 10 in Necromancy
 90503 | Geh:1    | Noticed a dread lich
 90504 | Geh:1    | Killed a dread lich
 90682 | Geh:1    | Noticed an ancient lich
 90685 | Geh:1    | Killed an ancient lich
 90914 | Coc:1    | Entered Level 1 of Cocytus
 90914 | Coc:1    | Noticed a shard shrike
 90915 | Coc:1    | Killed a shard shrike
 90915 | Coc:1    | Noticed a shard shrike
 90918 | Coc:1    | Killed a shard shrike
 92163 | Coc:4    | Noticed a shard shrike
 92165 | Coc:4    | Noticed a shard shrike
 92167 | Coc:4    | Killed a shard shrike
 92167 | Coc:4    | Killed a shard shrike
 92168 | Coc:4    | Reached skill level 15 in Fighting
 92178 | Coc:4    | Noticed a shard shrike
 92179 | Coc:4    | Noticed a shard shrike
 92180 | Coc:4    | Killed a shard shrike
 92180 | Coc:4    | Killed a shard shrike
 92182 | Coc:4    | Noticed a shard shrike
 92184 | Coc:4    | Killed a shard shrike
 92672 | Coc:5    | You fall into a shaft and drop 1 floor!
 92675 | Coc:6    | Killed a shard shrike
 92676 | Coc:6    | Reached skill level 10 in Transmutations
 92682 | Coc:6    | Noticed a shard shrike
 92684 | Coc:6    | Killed a shard shrike
 92692 | Coc:6    | Gained mutation: You are extremely robust. (+30% HP)
                  | [demonic ancestry]
 92692 | Coc:6    | Reached XP level 26. HP: 205/260 MP: 31/45
 93430 | Dis:1    | Entered Level 1 of the Iron City of Dis
 96283 | Dis:3    | Reached skill level 15 in Dodging
 96284 | Dis:3    | Reached skill level 15 in Shields
 98127 | Hell     | Found a gateway to the Iron City of Dis.
 98174 | Hell     | Found a gateway to the freezing wastes of Cocytus.
 98233 | Hell     | Found a gateway to the decaying netherworld of Tartarus.
 98242 | Tar:1    | Entered Level 1 of Tartarus
 98474 | Tar:1    | Reached skill level 1 in Staves
 98888 | Tar:2    | Reached skill level 15 in Necromancy
 99185 | Depths:2 | Voluntarily entered the Abyss.
 99301 | Depths:2 | Escaped the Abyss
 99452 | Depths:2 | Learned a level 9 spell: Chain Lightning
 99892 | Tomb:1   | Noticed a royal mummy
 99892 | Tomb:1   | Noticed a royal mummy
 99897 | Tomb:1   | Killed a royal mummy
 99897 | Tomb:1   | Killed a royal mummy
100059 | Tomb:1   | Paralysed by a sphinx for 5 turns
101153 | Tomb:2   | Noticed a royal mummy
101153 | Tomb:2   | Noticed a royal mummy
101153 | Tomb:2   | Noticed a royal mummy
101155 | Tomb:2   | Noticed a royal mummy
101155 | Tomb:2   | Noticed a royal mummy
101157 | Tomb:2   | Reached XP level 27. HP: 256/269 MP: 16/45
101169 | Tomb:2   | Killed a royal mummy
101170 | Tomb:2   | Killed a royal mummy
101171 | Tomb:2   | Killed a royal mummy
101172 | Tomb:2   | Killed a royal mummy
101253 | Tomb:2   | Killed a royal mummy
101571 | Tomb:2   | Identified the +7 rapier "Feufolosmo" {flame, rF+ rC+ SInv}
101869 | Tomb:1   | Noticed a royal mummy
101869 | Tomb:1   | Noticed a royal mummy
101869 | Tomb:1   | Noticed a royal mummy
101869 | Tomb:1   | Noticed a royal mummy
101871 | Tomb:1   | Noticed a royal mummy
101873 | Tomb:1   | Killed a royal mummy
101874 | Tomb:1   | Reached skill level 5 in Staves
101874 | Tomb:1   | Killed a royal mummy
101874 | Tomb:1   | Killed a royal mummy
101874 | Tomb:1   | Killed a royal mummy
101875 | Tomb:1   | Killed a royal mummy
101877 | Tomb:1   | Noticed a royal mummy
101901 | Tomb:1   | Killed a royal mummy
101902 | Tomb:1   | Noticed a royal mummy
101905 | Tomb:1   | Noticed a royal mummy
101907 | Tomb:1   | Killed a royal mummy
101907 | Tomb:1   | Killed a royal mummy
101908 | Tomb:1   | Noticed a royal mummy
101911 | Tomb:1   | Killed a royal mummy
101916 | Tomb:1   | Noticed a royal mummy
101917 | Tomb:1   | Noticed a royal mummy
101921 | Tomb:1   | Killed a royal mummy
101921 | Tomb:1   | Noticed a royal mummy
101923 | Tomb:1   | Killed a royal mummy
101935 | Tomb:1   | Noticed a royal mummy
102373 | Tomb:1   | Noticed a royal mummy
102373 | Tomb:1   | Noticed a royal mummy
102376 | Tomb:1   | Killed a royal mummy
102376 | Tomb:1   | Killed a royal mummy
102376 | Tomb:1   | Killed a royal mummy
102516 | Tomb:1   | Noticed a royal mummy
102521 | Tomb:1   | Killed a royal mummy
102521 | Tomb:1   | Killed a royal mummy
102699 | Tomb:1   | Noticed a royal mummy
102707 | Tomb:1   | Killed a royal mummy
102783 | Tomb:1   | Noticed a royal mummy
102787 | Tomb:1   | Killed a royal mummy
102888 | Tomb:1   | Noticed a royal mummy
102891 | Tomb:1   | Killed a royal mummy
102909 | Tomb:1   | Noticed a royal mummy
102922 | Tomb:1   | Killed a royal mummy
102955 | Tomb:1   | Noticed a royal mummy
102966 | Tomb:1   | Killed a royal mummy
103458 | Tomb:2   | Identified the +1 buckler of Sauweyrch {rCorr Int+4 Stlth-}
103484 | Tomb:3   | Entered Level 3 of the Tomb of the Ancients
103508 | Tomb:3   | Noticed a royal mummy
103508 | Tomb:3   | Noticed a royal mummy
103512 | Tomb:3   | Killed a royal mummy
103512 | Tomb:3   | Noticed a royal mummy
103513 | Tomb:3   | Killed a royal mummy
103514 | Tomb:3   | Killed a royal mummy
103515 | Tomb:3   | Noticed a royal mummy
103515 | Tomb:3   | Noticed a royal mummy
103516 | Tomb:3   | Noticed a royal mummy
103517 | Tomb:3   | Noticed a royal mummy
103517 | Tomb:3   | Noticed a royal mummy
103517 | Tomb:3   | Noticed a royal mummy
103518 | Tomb:3   | Killed a royal mummy
103518 | Tomb:3   | Killed a royal mummy
103519 | Tomb:3   | Killed a royal mummy
103520 | Tomb:3   | Killed a royal mummy
103520 | Tomb:3   | Killed a royal mummy
103522 | Tomb:3   | Killed a royal mummy
103882 | Tomb:3   | Found the +11 plutonium sword {Contam Stlth-}
103916 | Tomb:3   | Identified the ring of Suhan {rN+ Int+6 Dex+3 Stlth+}
103951 | Tomb:3   | Got the Incunabulum of Conduction
103974 | Tomb:3   | Identified the +3 chain mail "Lemor" {rPois Will+ Str-5}
104016 | Tomb:3   | Got a golden rune of Zot
104151 | Tomb:3   | Identified the amulet "Joobluak" {Faith Str+2 SInv Stlth+}
104185 | Tomb:3   | Identified the ring "Peikhomuca" {rF+ Will+ Int+4 Stlth-}
104261 | Tomb:3   | Got the Compendium of Heated Displacement
105477 | Depths:4 | Voluntarily entered the Abyss.
105681 | Abyss:3  | Reached skill level 15 in Transmutations
105916 | Abyss:3  | Gained mutation: You have large cloven feet. [a neqoxec]
105982 | Abyss:3  | Noticed a dread lich
105990 | Abyss:3  | Killed a dread lich
105993 | Depths:4 | Escaped the Abyss
106302 | Depths:4 | Voluntarily entered the Abyss.
106626 | Abyss:3  | Reached skill level 10 in Staves
106765 | Depths:4 | Escaped the Abyss
107220 | Temple   | Fell from the grace of Vehumet
107220 | Temple   | Became a worshipper of Makhleb the Destroyer
107608 | Depths:2 | Voluntarily entered the Abyss.
107608 | Abyss:3  | Found a corrupted altar of Lugonu.
107814 | Abyss:3  | Reached * piety under Makhleb
107843 | Depths:2 | Escaped the Abyss
108162 | Depths:2 | Voluntarily entered the Abyss.
108285 | Abyss:3  | Reached ** piety under Makhleb
108406 | Abyss:3  | Found a transporter.
108597 | Abyss:3  | Found a viscous altar of Jiyva.
108650 | Abyss:3  | Gained mutation: You are dopey. (Int -2) [a cacodemon]
108801 | Abyss:3  | Reached *** piety under Makhleb
109023 | Abyss:4  | Reached **** piety under Makhleb
109234 | Abyss:4  | Found a corrupted altar of Lugonu.
109483 | Depths:2 | Escaped the Abyss
109720 | Depths:2 | Voluntarily entered the Abyss.
109738 | Abyss:4  | Found a corrupted altar of Lugonu.
109742 | Abyss:4  | Reached ***** piety under Makhleb
109757 | Abyss:4  | Found a corrupted altar of Lugonu.
109800 | Abyss:4  | Got an abyssal rune of Zot
110170 | Abyss:5  | Noticed an ancient lich
110178 | Abyss:5  | Killed an ancient lich
110191 | Depths:2 | Escaped the Abyss
110521 | Depths:2 | Learned a level 9 spell: Polar Vortex
110522 | Depths:2 | Voluntarily entered the Abyss.
110616 | Abyss:5  | Reached ****** piety under Makhleb
111011 | Depths:2 | Escaped the Abyss
111485 | Depths:2 | Voluntarily entered the Abyss.
111487 | Abyss:5  | Reached skill level 1 in Ice Magic
111497 | Abyss:5  | Noticed a dread lich
111499 | Abyss:5  | Killed a dread lich
111583 | Abyss:5  | Reached skill level 5 in Ice Magic
111966 | Depths:2 | Escaped the Abyss
112115 | Depths:2 | Learned a level 3 spell: Ozocubu's Armour
112260 | Tar:2    | Reached skill level 10 in Ice Magic
114260 | Slime:1  | Entered Level 1 of the Pits of Slime
114581 | D:13     | Was forgiven by Vehumet
117570 | Slime:5  | Entered Level 5 of the Pits of Slime
117582 | Slime:5  | Noticed the Royal Jelly
117584 | Slime:5  | Reached skill level 15 in Ice Magic
117586 | Slime:5  | Killed the Royal Jelly
118629 | Slime:5  | Got a slimy rune of Zot
118677 | Slime:5  | Identified the +1 scale mail of True Grit {Str+4 Dex+3}
118722 | Slime:5  | Identified the ring "Miasesso" {rPois SInv}
119613 | Depths:2 | Learned a level 2 spell: Sublimation of Blood
119764 | Pan      | Entered Pandemonium
119986 | Pan      | Noticed Higorph the pandemonium lord
119992 | Pan      | Killed Higorph the pandemonium lord
120013 | Pan      | Identified the +0 ring mail "Beotsysk" {Str+4 Int+4 Dex-4}
120277 | Pan      | Identified the +6 ring mail of Life {Rampage Drain Fly}
120412 | Pan      | Found an exit through the horrors of the Abyss.
121139 | Pan      | Found an exit through the horrors of the Abyss.
121220 | Pan      | Noticed Oreq the pandemonium lord
121228 | Pan      | Killed Oreq the pandemonium lord
121519 | Pan      | Identified the +1 scale mail of Qizani {rElec rF+++ rC+
                  | Stlth-}
122582 | Pan      | Found an exit through the horrors of the Abyss.
122890 | Pan      | Noticed Iczoc the pandemonium lord
122894 | Pan      | Killed Iczoc the pandemonium lord
123604 | Pan      | Noticed Otonn the pandemonium lord
123608 | Pan      | Killed Otonn the pandemonium lord
123997 | Pan      | Got a demonic rune of Zot
125199 | Pan      | Entered the realm of Gloorx Vloq.
125250 | Pan      | Found an exit through the horrors of the Abyss.
126541 | Pan      | Noticed Gloorx Vloq
126704 | Pan      | Killed Gloorx Vloq
126726 | Pan      | Got a dark rune of Zot
127080 | Pan      | Noticed Okkifed the pandemonium lord
127093 | Pan      | Killed Okkifed the pandemonium lord
127272 | Pan      | Reached skill level 1 in Throwing
128198 | Pan      | Noticed Joadoare the pandemonium lord
128213 | Pan      | Killed Joadoare the pandemonium lord
128291 | Pan      | Found an exit through the horrors of the Abyss.
129104 | Pan      | Noticed Qaqefomn the pandemonium lord
129183 | Pan      | Reached skill level 5 in Throwing
129248 | Pan      | Killed Qaqefomn the pandemonium lord
130087 | Pan      | Found an exit through the horrors of the Abyss.
130404 | Pan      | Found an exit through the horrors of the Abyss.
130796 | Pan      | Noticed Miud the pandemonium lord
130824 | Pan      | Killed Miud the pandemonium lord
131177 | Pan      | Got Qenloxku's Folio of Moulding
132395 | Pan      | Noticed Qiufogez the pandemonium lord
132398 | Pan      | Killed Qiufogez the pandemonium lord
132874 | Pan      | Reached skill level 10 in Throwing
133314 | Pan      | Noticed Wing the pandemonium lord
133324 | Pan      | Killed Wing the pandemonium lord
133877 | Pan      | Identified the +0 buckler "Piduckul" {Int+4}
133906 | Depths:2 | Escaped Pandemonium
134704 | Pan      | Entered Pandemonium
135111 | Pan      | Found a huge runed translucent gate.
135113 | Pan      | Found a huge runed translucent gate.
135114 | Pan      | Found a huge runed translucent gate.
135114 | Pan      | Found a huge runed translucent gate.
135114 | Pan      | Found a huge runed translucent gate.
135114 | Pan      | Found a huge runed translucent gate.
135121 | Pan      | Found a huge runed translucent gate.
135131 | Pan      | Noticed Zifiddet the pandemonium lord
135217 | Pan      | Killed Zifiddet the pandemonium lord
135416 | Pan      | Found an exit through the horrors of the Abyss.
135869 | Pan      | Identified the +1 ring mail of the Land of Plenty {rElec
                  | Str+3}
135951 | Pan      | Noticed Vussau the pandemonium lord
135955 | Pan      | Killed Vussau the pandemonium lord
137768 | Pan      | Noticed Rihouqan the pandemonium lord
137772 | Pan      | Killed Rihouqan the pandemonium lord
138703 | Pan      | Noticed Naug the pandemonium lord
138714 | Pan      | Killed Naug the pandemonium lord
139277 | Pan      | Found an exit through the horrors of the Abyss.
139753 | Pan      | Entered the realm of Cerebov.
139843 | Pan      | Found the +6 sword of Cerebov {flame}
139843 | Pan      | Noticed Cerebov
140080 | Pan      | Reached skill level 15 in Throwing
140407 | Pan      | Identified the +2 lajatang of Quseup {venom, Str+4}
140407 | Pan      | Identified the amulet of the Genius {Spirit rElec rF++
                  | rN+++ Int-2}
140460 | Pan      | Identified the +10 dire flail "Rocitzuydgh" {freeze, rPois
                  | rC++ Str-2 Int+2}
140876 | Pan      | Killed Cerebov
140932 | Pan      | Got a fiery rune of Zot
141016 | Pan      | Got the Vellum of Noxious Coordinates
141342 | Pan      | Found an exit through the horrors of the Abyss.
141354 | Pan      | Identified the +2 robe of Catatonia {Str+3 Dex+4}
141568 | Pan      | Noticed Cauczor the pandemonium lord
141573 | Pan      | Killed Cauczor the pandemonium lord
141640 | Pan      | Identified the +3 scale mail "Pitz" {Harm Drain Slay+3}
142643 | Pan      | Found a transporter.
142643 | Pan      | Found a transporter.
142643 | Pan      | Found a transporter.
142647 | Pan      | Found a transporter.
142681 | Pan      | Found a transporter.
142839 | Pan      | Identified the +1 pair of boots of Spring Thaw {rPois rF+}
142842 | Pan      | Identified the amulet "Ezughim" {Acrobat rElec Str+3}
142878 | Pan      | Identified the +10 plate armour of Xalogos {Rampage}
144002 | Pan      | Entered the realm of Mnoleg.
144002 | Pan      | Found an exit through the horrors of the Abyss.
144210 | Pan      | Noticed Mnoleg
144944 | Pan      | Killed Mnoleg
145069 | Pan      | Got a glowing rune of Zot
145345 | Pan      | Entered the realm of Lom Lobon.
145425 | Pan      | Found an exit through the horrors of the Abyss.
146176 | Pan      | Noticed Lom Lobon
146258 | Pan      | Killed Lom Lobon
146330 | Pan      | Got a magical rune of Zot
146777 | Pan      | Identified the +4 chain mail "Uzengo" {*Corrode Str+4
                  | Int+3}
147384 | Pan      | Noticed Zisk the pandemonium lord
147394 | Pan      | Killed Zisk the pandemonium lord
148021 | Pan      | Reached skill level 15 in Evocations
148067 | Pan      | Reached skill level 1 in Invocations
148894 | Pan      | Noticed Ekkuz the pandemonium lord
148898 | Pan      | Killed Ekkuz the pandemonium lord
149258 | Depths:2 | Escaped Pandemonium
149397 | Depths:2 | Learned a level 4 spell: Passage of Golubria
149619 | Zig:1    | Entered Level 1 of a ziggurat
149658 | Zig:2    | Entered Level 2 of a ziggurat
149666 | Zig:2    | Reached skill level 1 in Translocations
149696 | Zig:3    | Entered Level 3 of a ziggurat
149714 | Zig:3    | Identified the +12 great sword of the Orcish Mines {freeze,
                  | rPois rF+}
149731 | Zig:4    | Entered Level 4 of a ziggurat
149739 | Zig:4    | Reached skill level 5 in Invocations
149755 | Zig:4    | Identified the +10 spear "Zayle" {pain, +Blink Fly Str+3
                  | Stlth+}
149758 | Zig:5    | Entered Level 5 of a ziggurat
149781 | Zig:5    | Identified the +3 short sword of Trauma {speed, rCorr}
149783 | Zig:5    | Identified the +3 quarterstaff of Efuypt Nuiqi {vorpal,
                  | *Noise rElec rCorr Str+9}
149790 | Zig:6    | Entered Level 6 of a ziggurat
149837 | Zig:7    | Entered Level 7 of a ziggurat
149844 | Zig:7    | Noticed a juggernaut
149848 | Zig:7    | Killed a juggernaut
149906 | Zig:8    | Entered Level 8 of a ziggurat
149921 | Zig:8    | Identified the ring of Trepidation {rF+ rC+ MP+9 Dex+5
                  | Stlth-}
149929 | Zig:8    | Identified the +4 flail of Sudden Death {protect, *Corrode
                  | Str+8 Dex+4 Stlth+}
149931 | Zig:8    | Identified the +10 morningstar "Usiky" {venom, Contam rElec
                  | Int+8}
149963 | Zig:8    | Identified the ring "Moukoin" {*Corrode rC++ rN+ Dex+6
                  | Slay+3}
149990 | Zig:9    | Entered Level 9 of a ziggurat
150115 | Zig:10   | Entered Level 10 of a ziggurat
150124 | Zig:10   | Found the +0 mask of the Dragon {Will+ Slay+3 SInv}
150125 | Zig:10   | Reached skill level 5 in Translocations
150172 | Zig:10   | Identified the +1 scale mail of the Shining Light {Rampage
                  | rPois rC- Dex+3}
150199 | Zig:11   | Entered Level 11 of a ziggurat
150206 | Zig:11   | Noticed Cynke the pandemonium lord
150208 | Zig:11   | Killed Cynke the pandemonium lord
150470 | Zig:12   | Entered Level 12 of a ziggurat
150479 | Zig:12   | Noticed an ancient lich
150481 | Zig:12   | Killed an ancient lich
150493 | Zig:12   | Got the Directory of Paper
150517 | Zig:12   | Identified the +3 leather armour "Zunaecux" {Harm rF- Str+4
                  | Stlth+}
150519 | Zig:12   | Identified the +11 scimitar of Sharkskin {freeze, rF- MP+9
                  | Dex+3}
150560 | Zig:13   | Entered Level 13 of a ziggurat
150599 | Zig:13   | Identified the -1 hat of Gaulilu {rElec Str+2 Slay+2}
150689 | Zig:14   | Entered Level 14 of a ziggurat
150736 | Zig:14   | Identified the +7 spear "Woegusop" {antimagic, Int-2 Dex+6}
150788 | Zig:15   | Entered Level 15 of a ziggurat
150799 | Zig:15   | Reached skill level 10 in Invocations
150808 | Zig:15   | Identified the +1 leather armour "Bogul" {+Inv Will+ Str-2}
150835 | Zig:15   | Reached skill level 10 in Translocations
150838 | Zig:15   | Identified the +1 halberd of the Final Decision {freeze,
                  | rF++ Str+3}
150844 | Zig:16   | Entered Level 16 of a ziggurat
150881 | Zig:16   | Reached skill level 15 in Invocations
150959 | Zig:16   | Identified the ring "Acsuukaj" {rF+ rN+ Will+}
150967 | Zig:16   | Identified the +5 sling of the Festooned God {venom, rF-
                  | rC+++ MP+9 SInv}
150972 | Zig:16   | Identified the +1 robe of the Wilderness {Str-4 Int+8}
150973 | Zig:16   | Identified the +4 ring mail of Pan-Flutes {Int+5}
151035 | Zig:17   | Entered Level 17 of a ziggurat
151040 | Zig:17   | Noticed a royal mummy
151041 | Zig:17   | Noticed a royal mummy
151044 | Zig:17   | Noticed a royal mummy
151044 | Zig:17   | Noticed a royal mummy
151046 | Zig:17   | Killed a royal mummy
151046 | Zig:17   | Killed a royal mummy
151046 | Zig:17   | Noticed a royal mummy
151046 | Zig:17   | Noticed a royal mummy
151049 | Zig:17   | Killed a royal mummy
151049 | Zig:17   | Killed a royal mummy
151049 | Zig:17   | Noticed a royal mummy
151050 | Zig:17   | Noticed a royal mummy
151051 | Zig:17   | Killed a royal mummy
151053 | Zig:17   | Killed a royal mummy
151054 | Zig:17   | Killed a royal mummy
151055 | Zig:17   | Killed a royal mummy
151078 | Zig:17   | Identified the amulet "Uffy" {Acrobat Rampage rC++ Regen+
                  | Dex-3}
151137 | Zig:18   | Entered Level 18 of a ziggurat
151158 | Zig:18   | Noticed Ijerghy the pandemonium lord
151166 | Zig:18   | Killed Ijerghy the pandemonium lord
151187 | Zig:18   | Identified the +8 long sword of Demonkind {flame, *Slow
                  | +Blink rC+++ rN+ Will++}
151188 | Zig:18   | Identified the amulet "Upuiz" {RegenMP Will+ Int+2}
151206 | Zig:18   | Identified the +0 scale mail of Inaction {rPois rC+}
151303 | Zig:19   | Entered Level 19 of a ziggurat
151318 | Zig:19   | Paralysed by an air elemental for 1 turns
151391 | Zig:19   | Identified the +1 chain mail of Rieptyug {Regen+ rCorr
                  | Str+4}
151415 | Zig:19   | Identified the +7 demon trident of Bawn {flame, Fragile rN+
                  | Will+}
151416 | Zig:19   | Identified the +4 morningstar of Yhaileutu {drain, Will+
                  | Int-2 Dex+3 SInv}
151419 | Zig:19   | Identified the +2 shortbow of Muijulliol {venom, Fly rF+
                  | rN+ Str+4}
151465 | Zig:20   | Entered Level 20 of a ziggurat
151560 | Zig:20   | Identified the +5 short sword "Roef" {vorpal, rPois rF+}
151588 | Zig:20   | Identified the +1 leather armour of Acaix {Slay+3}
151619 | Zig:21   | Entered Level 21 of a ziggurat
151625 | Zig:21   | Noticed a juggernaut
151627 | Zig:21   | Noticed a juggernaut
151628 | Zig:21   | Noticed a juggernaut
151629 | Zig:21   | Noticed a juggernaut
151629 | Zig:21   | Noticed a juggernaut
151630 | Zig:21   | Noticed a juggernaut
151633 | Zig:21   | Killed a juggernaut
151634 | Zig:21   | Killed a juggernaut
151634 | Zig:21   | Noticed a juggernaut
151636 | Zig:21   | Killed a juggernaut
151636 | Zig:21   | Killed a juggernaut
151637 | Zig:21   | Killed a juggernaut
151639 | Zig:21   | Killed a juggernaut
151644 | Zig:21   | Killed a juggernaut
151748 | Zig:21   | Identified the ring "Sual Ykusch" {*Corrode Fly rN+ Dex+2}
151762 | Zig:21   | Identified the ring "Keystag" {Ice rCorr Int+3 Dex+3}
151837 | Zig:22   | Entered Level 22 of a ziggurat
151864 | Zig:22   | Noticed a dread lich
151884 | Zig:22   | Killed a dread lich
151970 | Zig:22   | Identified the amulet "Ywokky" {Reflect Str+4 SH+5}
151975 | Zig:22   | Identified the ring "Telut" {Ice rPois Str+3}
151989 | Zig:22   | Identified the +6 quick blade of the Morning {antimagic,
                  | rC+ Will+ Int+3}
152007 | Zig:22   | Identified the +0 leather armour of Suupaum {rPois rF+
                  | Int+2 Dex-5}
152039 | Zig:23   | Entered Level 23 of a ziggurat
152076 | Zig:23   | Found the +8 frozen axe "Frostbite" {freezing cloud, *Noise
                  | Fly rC+}
152087 | Zig:23   | Identified the +1 pair of boots of Eternal Vigilance
                  | {Rampage Str-2 SInv}
152094 | Zig:23   | Identified the +8 bardiche "Iraitiun" {spect, rC- Str+4
                  | Dex+7}
152097 | Zig:23   | Identified the +3 leather armour of the Apprentice {Fly
                  | Will+}
152101 | Zig:23   | Identified the ring of Quowoupu {rC+ rN+ Str+2}
152126 | Zig:23   | Identified the +3 flail "Jelly's Foe" {vamp, MP+9}
152131 | Zig:23   | Identified the +7 dire flail of Yeast {flame, rPois}
152175 | Zig:24   | Entered Level 24 of a ziggurat
152220 | Zig:24   | Noticed Doipnaqu the pandemonium lord
152235 | Zig:24   | Killed Doipnaqu the pandemonium lord
152380 | Zig:24   | Found the +13 scythe of Curses {drain, Drain}
152382 | Zig:24   | Found the +3 greatsling "Punk" {acid, rCorr}
152382 | Zig:24   | Found the +6 lightning scales {swift, rElec}
152395 | Zig:24   | Identified the +0 chain mail of Incorporation {Int+5 Dex-4
                  | SInv}
152408 | Zig:24   | Identified the +3 mace of Floods {vorpal, Drain rElec rCorr
                  | Dex+5}
152421 | Zig:24   | Learned a level 9 spell: Shatter
152436 | Zig:24   | Identified the ring "Myheha" {rN+ Will+ Dex+7}
152438 | Zig:24   | Identified the ring of Dim Light {rPois Will+ Str-5 Dex+5}
152460 | Zig:24   | Identified the +3 flail "Makygan" {protect, Will- Str+7
                  | Dex+3 SInv}
152463 | Zig:24   | Identified the +1 short sword of Magnificence {holy, *Rage
                  | SInv Stlth+}
152483 | Zig:25   | Entered Level 25 of a ziggurat
152588 | Zig:25   | Identified the +6 giant club of Tender Mercy {vorpal, rElec
                  | Will+ Int+3}
152595 | Zig:25   | Identified the +7 glaive of Understanding {venom, Str+3}
152608 | Zig:25   | Lost mutation: You have large cloven feet. [potion of
                  | mutation]
152608 | Zig:25   | Lost mutation: You are dopey. (Int -2) [potion of mutation]
152608 | Zig:25   | Gained mutation: Your muscles are strong. (Str +4, Int/Dex
                  | -1) [potion of mutation]
152608 | Zig:25   | Gained mutation: You are strong-willed. (Will+) [potion of
                  | mutation]
152608 | Zig:25   | Gained mutation: You are partially covered in large bone
                  | plates. (SH +4) [potion of mutation]
152608 | Zig:25   | Gained mutation: Your mind is acute. (Int +4, Str/Dex -1)
                  | [potion of mutation]
152625 | Zig:25   | Identified the +0 scale mail of Weelioxt {-Cast Harm SInv}
152672 | Zig:26   | Entered Level 26 of a ziggurat
152705 | Zig:26   | Noticed a dread lich
152714 | Zig:26   | Killed a dread lich
152817 | Zig:26   | Found the +2 hood of the Assassin {Detection Stab+ Stlth++}
152820 | Zig:26   | Identified the +0 cloak of Banuedgh {rF+ Will- Str+4 Dex+2}
152838 | Zig:26   | Identified the -2 pair of gloves of Hagoa {rPois Will-
                  | Str+5 Int+4}
152841 | Zig:26   | Identified the +5 dagger "Oskom" {vorpal, rC+}
152906 | Zig:27   | Entered Level 27 of a ziggurat
152934 | Zig:27   | Reached skill level 1 in Air Magic
152942 | Zig:27   | Identified the +8 morningstar "Mugera" {chaos, rPois}
152978 | Zig:27   | Identified the +8 plate armour "Feufo" {*Slow rElec rPois
                  | Regen+}
152986 | Zig:27   | Identified the +0 plate armour "Judiz" {Str+2 Int-5 Stlth+}
153005 | Zig:27   | Identified the +11 morningstar of the Howling One {venom,
                  | Str+2}
153015 | Zig:27   | Learned a level 8 spell: Ignition
153025 | Zig:27   | Got Waec's Further Progress in Witchery
153580 | Hell     | Lost mutation: You are partially covered in large bone
                  | plates. (SH +4) [potion of mutation]
153580 | Hell     | Lost mutation: Your muscles are strong. (Str +4, Int/Dex
                  | -1) [potion of mutation]
153580 | Hell     | Gained mutation: You are agile. (Dex +4, Str/Int -1)
                  | [potion of mutation]
153580 | Hell     | Gained mutation: You possess an exceptional clarity of
                  | mind. [potion of mutation]
153580 | Hell     | Gained mutation: Your muscles are strong. (Str +4, Int/Dex
                  | -1) [potion of mutation]
153590 | Zig:1    | Entered Level 1 of a ziggurat
153625 | Zig:2    | Entered Level 2 of a ziggurat
153661 | Zig:3    | Entered Level 3 of a ziggurat
153696 | Zig:4    | Entered Level 4 of a ziggurat
153729 | Zig:5    | Entered Level 5 of a ziggurat
153736 | Zig:5    | Reached skill level 5 in Air Magic
153785 | Zig:6    | Entered Level 6 of a ziggurat
153798 | Zig:6    | Found the +7 great mace "Undeadhunter" {disrupt, rN+}
153807 | Zig:6    | Identified the +2 robe of Lugonu's Approval {Contam Rampage
                  | rPois Regen+ Stlth+}
153854 | Zig:7    | Entered Level 7 of a ziggurat
153870 | Zig:7    | Noticed an ancient lich
153874 | Zig:7    | Killed an ancient lich
153966 | Zig:8    | Entered Level 8 of a ziggurat
153973 | Zig:8    | Noticed an ancient lich
153974 | Zig:8    | Noticed a dread lich
153981 | Zig:8    | Killed a dread lich
153982 | Zig:8    | Killed an ancient lich
153990 | Zig:8    | Identified the +6 war axe of the Flying Coward {vorpal,
                  | *Slow rPois Will+}
154006 | Zig:8    | Identified the +3 ring mail of Existentialism {Rampage MP+9
                  | Str-3}
154016 | Zig:9    | Entered Level 9 of a ziggurat
154029 | Zig:9    | Reached skill level 10 in Air Magic
154047 | Zig:9    | Identified the ring "Hiarph" {Will+ Str+5 Dex-3}
154053 | Zig:9    | Identified the ring of Pyromania {Ice *Slow Slay+2 Stlth+}
154079 | Zig:10   | Entered Level 10 of a ziggurat
154166 | Zig:10   | Identified the +6 short sword "Wizxiss" {freeze, rF+ Int+6}
154195 | Zig:11   | Entered Level 11 of a ziggurat
154211 | Zig:11   | Found the +3 warlock's mirror {reflect}
154283 | Zig:11   | Identified the +6 hand axe of the Salmon {venom, SInv}
154284 | Zig:11   | Identified the +2 storm dragon scales of Satisfaction
                  | {*Corrode rElec rF+ Slay+3}
154331 | Zig:12   | Entered Level 12 of a ziggurat
154426 | Zig:12   | Identified the +10 hand axe of Squeaky Courage {vorpal,
                  | Int+3}
154432 | Zig:12   | Identified the +1 helmet "Azuxuvax" {rF+ rCorr MP+9}
154473 | Zig:13   | Entered Level 13 of a ziggurat
154493 | Zig:13   | Noticed a juggernaut
154493 | Zig:13   | Noticed a juggernaut
154494 | Zig:13   | Noticed a juggernaut
154495 | Zig:13   | Noticed a juggernaut
154495 | Zig:13   | Noticed a juggernaut
154495 | Zig:13   | Noticed a juggernaut
154497 | Zig:13   | Killed a juggernaut
154497 | Zig:13   | Killed a juggernaut
154497 | Zig:13   | Killed a juggernaut
154497 | Zig:13   | Killed a juggernaut
154498 | Zig:13   | Killed a juggernaut
154500 | Zig:13   | Killed a juggernaut
154501 | Zig:13   | Reached skill level 15 in Air Magic
154550 | Zig:13   | Identified the +7 trident of Vufuh {elec, Str+3 Dex+4}
154553 | Zig:13   | Identified the ring of Xom's Malicious Joy {rPois rC+}
154554 | Zig:13   | Identified the ring "Noadutui" {Ice rN+++ rCorr Str-3
                  | Dex-5}
154557 | Zig:13   | Identified the ring of Eneo {rPois rN+ Int+5}
154560 | Zig:13   | Got Tuhinit's Vellum of the Impact
154601 | Zig:14   | Entered Level 14 of a ziggurat
154663 | Zig:14   | Identified the +3 battleaxe "Awiprod" {flame, rF++ Dex+4}
154664 | Zig:14   | Identified the +2 robe of Ecyifoph {Harm Int+4}
154665 | Zig:14   | Identified the +2 war axe "Xiuff" {holy, *Slow Str+5 Dex+5}
154711 | Zig:15   | Entered Level 15 of a ziggurat
154751 | Zig:15   | Paralysed by accursed screaming for 2 turns
154768 | Zig:15   | Identified the +5 glaive of Context {vorpal, rC+ Dex+2}
154770 | Zig:15   | Identified the +3 kite shield "Narhasol" {Fly Int+2}
154771 | Zig:15   | Identified the +4 plate armour of Agoraphobia {rPois}
154831 | Zig:15   | Identified the +3 short sword of the Jolly Souls {freeze,
                  | Int+5 Dex+4}
154839 | Zig:15   | Identified the +4 rapier of the Tooth {speed, Str+4}
154876 | Zig:16   | Entered Level 16 of a ziggurat
154896 | Zig:16   | Paralysed by accursed screaming for 1 turns
154903 | Zig:16   | Found the +7 great mace "Firestarter" {inner flame, rF++}
154977 | Zig:16   | Identified the +10 double sword of Arrival {vorpal, rF+ rN+
                  | Int-3 Dex+5}
154982 | Zig:16   | Identified the +2 robe "Kaplennu" {Contam Rampage Int+5}
154988 | Zig:16   | Identified the +7 plate armour of Cyruisou {Dex+4}
155056 | Zig:17   | Entered Level 17 of a ziggurat
155066 | Zig:17   | Noticed a dread lich
155070 | Zig:17   | Noticed an ancient lich
155074 | Zig:17   | Killed a dread lich
155078 | Zig:17   | Killed an ancient lich
155146 | Zig:17   | Identified the ring "Amemom" {Ice Str+3}
155147 | Zig:17   | Identified the +3 plate armour of the Meager God {Int+4}
155148 | Zig:17   | Identified the ring of the Hidden Beggars {Fire Stlth+}
155151 | Zig:17   | Identified the +1 ring mail of Kleptomania {rElec rN+}
155215 | Zig:18   | Entered Level 18 of a ziggurat
155225 | Zig:18   | Noticed Mixkogexa the pandemonium lord
155225 | Zig:18   | Noticed Jeiwesu the pandemonium lord
155227 | Zig:18   | Noticed Nafelec the pandemonium lord
155228 | Zig:18   | Noticed Esiaqea the pandemonium lord
155231 | Zig:18   | Noticed Genaf the pandemonium lord
155233 | Zig:18   | Noticed Neeruvis the pandemonium lord
155233 | Zig:18   | Killed Esiaqea the pandemonium lord
155235 | Zig:18   | Killed Jeiwesu the pandemonium lord
155237 | Zig:18   | Noticed Hiril the pandemonium lord
155240 | Zig:18   | HP: 9/291 [Killer Klown/+11 club of venom (21)]
155241 | Zig:18   | Slain by Genaf the pandemonium lord

Illustrated notes

Levels and vault maps discovered:
D:1:      nzn_arrival_depleted_hourglass, layout_loops_ring,
          ebering_ecumenical_altar_ruins
D:2:      minmay_chambers_of_ones, layout_basic, basic_altar, uniq_natasha,
          uniq_terence
D:3:      layout_loops_ring, serial_co_window_serial, co_window_corner_a,
          co_window_paths_a, co_window_corner_a, co_window_of_opportunity_a,
          co_window_of_opportunity_a, co_window_broadway_b, co_window_cross_2,
          co_window_of_opportunity_b, co_window_broadway_b, glass_columns_a,
          glass_columns_b, glass_columns_b, minmay_increasing_density,
          uniq_sigmund, uniq_ijyb, uniq_grinder
D:4:      layout_loops_ring, kennysheep_little_box,
          chequers_temple_overflow_statue_of_worship,
          minmay_temple_entry_large_hall, serial_forest,
          infiniplex_forest_straight_3, infiniplex_forest_lined_room_,
          infiniplex_forest_clump_cross, infiniplex_forest_lined_room_,
          infiniplex_forest_clump_curved, infiniplex_forest_lined_1,
          infiniplex_forest_lined_room_2, infiniplex_forest_clump_small,
          infiniplex_forest_lined_ring
D:5:      layout_basic, grunt_ministairs_1, uniq_pikel
D:6:      layout_gridville, ebering_ghost_sewer_d, serial_undead,
          serial_undead_b, serial_undead_f, serial_undead_c, serial_undead_f,
          serial_undead_d, serial_undead_a, minivault_5, st_stairs_9
D:7:      layout_loops_ring, serial_shops, nicolae_square_shop, uniq_maggie
D:8:      layout_cave_pools, kennysheep_mini_moat, dreamdust_gnoll_shepherd
D:9:      layout_long_grid, nicolae_elyvilon_temple_path,
          mainiacjoe_overflow_24_doors, orc_0_dummy, serial_shops,
          nicolae_shop_stone, jiyva_altar_1
D:10:     layout_loops_ring, lemuel_round_altar, uniq_josephine
D:11:     layout_loops_ring, lair_entry_dummy, enter_trove_5, serial_shops,
          nicolae_shop_crystal, nicolae_stop_n_shop_2
D:12:     hangedman_cross_cluster, layout_basic, xom_redecorated
D:13:     layout_basic, uniq_nessos, uniq_azrael
D:14:     layout_irregular_city, ximxim_vaults_locker_room
D:15:     hangedman_depths_entry_try_elsewhere_first, layout_cave_pods,
          portal_ice_cave_entry_horrid_things, nicolae_kite_square_tiling_tiny
Temple:   regret_index_temple_generic_petals
Lair:1:   layout_long_grid, lemuel_fruit_fields, uniq_amaemon
Lair:2:   layout_roguey, gauntlet_entry_generic, infiniplex_staircase_pool,
          grunt_megastairs_5, uniq_harold
Lair:3:   layout_loops_ring, shoals_dummy_entry, spider_nest_entry_web_field,
          nicolae_volcano_entry_two_sided, lemuel_fruit_tree, grunt_megastairs_2
Lair:4:   layout_cellular_growth, minmay_slime_entry_oklob_open,
          chequers_serial_rivers_marsh, serial_bayou_crossing,
          grunt_megastairs_1, lemuel_fruit_fields, lemuel_fruit_fields
Lair:5:   cheibrodos_lair_end_hotspot, layout_cave_pods, uniq_kirke, uniq_urug
Shoals:1: layout_shoals, nicolae_shoals_beach_cooler
Shoals:2: layout_shoals, uniq_donald, uniq_frances, uniq_nikola, uniq_polyphemus
Shoals:3: layout_shoals, serial_shops, nicolae_shop_behind_doors
Shoals:4: shoals_end_hangedman, layout_shoals, overgrown_tower
Spider:1: layout_spider_delve, hellmonk_deceptive_appearances
Spider:2: nicolae_spider_jumping_over_cracks [nicolae_spider_jumping_sub_grid,
          nicolae_spider_jumping_sub_plain, nicolae_spider_jumping_sub_divot,
          nicolae_spider_jumping_sub_stairs]
Spider:3: layout_chambers, hangedman_spider_tarantella_strand
Spider:4: grunt_spider_rune_parallel, uniq_arachne
Slime:1:  layout_caves, cheibrodos_slime_lost_civilization_6
Slime:2:  layout_caves
Slime:3:  layout_caves
Slime:4:  layout_caves, nicolae_slime_barrier
Slime:5
Orc:1:    layout_diamond_mine, mines3_lemuel
Orc:2:    st_orc_mages, layout_caves, serial_shops, shop_statue,
          nicolae_shop_stone, shop
Elf:1:    eino_elf_arrival_customs, layout_gridlike, serial_shops, shop_statue,
          minmay_elf_crystal_heptagon, minmay_shop_grove
Elf:2:    elven_hall_of_blades_hangedman_original
          [infiniplex_blade_entry_pillars], layout_geoelf_diagonals,
          dk_noncrumbling_4, amethyst_killhole
Elf:3:    elf_hall_gauntlet_wide, layout_geoelf_castle, serial_shops,
          nicolae_square_shop, nicolae_shop_i_like_big_books,
          hangedman_elf_represent
Vaults:1: vaults_room_door_hall, nicolae_vaults_three_branches,
          nicolae_vaults_shelves_hall, vaults_dpeg_emergency_exit,
          grunt_vaults_funnel, nicolae_vaults_angled_halls,
          nicolae_vaults_diagonal_hallway_8, layout_vaults_omnigrid
Vaults:2: v_rooms_1, nicolae_vaults_yaktaur_gun_rack, vaults_room_pool,
          v_misc_17, v_misc_25, nicolae_vaults_mini_display_case, v_pattern_1,
          v_misc_2, layout_vaults_big_room, serial_shops, bzr_in_the_mist
Vaults:3: hellmonk_ghost_happy_afterlife, v_misc_12, vaults_mumra_chevron,
          v_alt_pattern_4, vaults_dpeg_diagonal, v_misc_15, v_misc_12,
          nicolae_vaults_network_s, v_misc_14, vaults_dpeg_cross, v_misc_26,
          ontoclasm_vaults_fault, vaults_room_hallway, serial_ice_b,
          layout_vaults_big_cross
Vaults:4: gammafunk_ghost_smash, hangedman_vaults_unwind,
          nicolae_vaults_disjoint_gnomons, ontoclasm_vaults_hangar, v_misc_12,
          nicolae_vaults_angled_halls, nicolae_vaults_specimen_jars,
          vaults_room_boxed, nicolae_vaults_asterisk, v_misc_28,
          ontoclasm_vaults_gateway, ontoclasm_vaults_twist,
          nicolae_vaults_triangles, nicolae_vaults_little_squares_5,
          layout_vaults_maze, serial_shops, nicolae_shop_stone,
          serial_hangedman_research, hangedman_research_toxicology,
          hangedman_research_pyrotechnics, uniq_mara, uniq_boris
Vaults:5: serial_shops, uniq_frederick
Crypt:1:  layout_catacombs
Crypt:2:  layout_regular_city, uniq_zenata
Crypt:3:  grunt_crypt_end_deaths_head
Tomb:1
Tomb:2
Tomb:3
Depths:1: layout_basic, nrook_uturn, pf_hell_entry_tar_river,
          nicolae_gozag_seed_capital
Depths:2: dreamdust_cat_pyramid, layout_gridlike, abyss_entry,
          infiniplex_staircase_door_maze, grunt_hell_entry_dis_grunt,
          rand_demon_pan_entry_5, hangedman_research_convocations,
          uniq_josephina, uniq_aizul, uniq_bai_suzhen
Depths:3: abrahamwl_protected_by_tso_3, layout_gridlike, enter_ziggurat_f,
          minmay_curled_crystal, minmay_room_of_horrors, hell_entry,
          firewood_loft, serial_bayou_shore_b, uniq_mennas
Depths:4: lemuel_castle_with_subvaults [lemuel_castle_interior_carwin_3],
          layout_basic, chequers_serial_rivers_small_b, hellmouth_3,
          serial_shops, shop, lightli_enter_wizlab_magi_temple, abyss_entry,
          evilmike_ruin_ashenzari
Hell
Dis:1:    layout_subdivisions
Dis:2:    layout_jigsaw, nicolae_hells_seeping_fissure
Dis:3:    layout_subdivisions
Dis:4:    layout_gridville
Dis:5:    layout_gridville
Geh:1:    layout_gehenna_lava_caves
Coc:1:    layout_cocytus_delve
Coc:2:    layout_ice_bergs
Coc:3:    layout_ice_bergs
Coc:4:    layout_cocytus_water_paths
Coc:5:    layout_ice_bergs
Coc:6:    layout_cocytus_water_paths
Tar:1:    layout_grid_maze
Tar:2:    layout_honeycomb, nicolae_tar_grid_combs
Tar:3:    layout_catacombs
Tar:4:    layout_honeycomb
Tar:5:    nicolae_tar_checkpoint_tarlie, layout_cathedral_of_symmetry,
          nicolae_tar_combbox
Zig:18

Skill      XL: |  1  2  3  4  5  6  7  8  9 10 11 12 13 14 15 16 17 18 19 20 21 22 23 24 25 26 27 |
---------------+----------------------------------------------------------------------------------+-----
Dodging        | 2 3 4 5 6 8 10 11 12 13 14 15 20 | 20.0
Stealth        | 2 3 4 5 |  5.0
Fire Magic     | 3 4 5 6 8 9 10 11 12 15 17 18 20 22 | 22.0
Fighting       | 1 2 3 4 5 6 9 10 11 13 14 15 20 | 20.0
Conjurations   | 2 3 4 5 6 8 9 10 13 14 15 17 19 20 24 | 24.0
Spellcasting   | 3 4 5 6 7 9 10 11 12 13 14 15 16 18 25 | 25.0
Earth Magic    | 3 7 9 12 14 15 25 | 25.0
Evocations     | 5 7 10 15 | 15.0
Shields        | 4 5 9 12 13 14 15 | 15.0
Necromancy     | 8 12 15 | 15.0
Transmutations | 6 10 13 15 | 15.0
Staves         | 3 12 | 12.0
Ice Magic      | 25 | 25.0
Throwing       | 20 | 20.1
Invocations    | 20 | 20.0
Translocations | 10 | 10.4
Air Magic      | 21 | 21.0

Action                   |  1- 3 |  4- 6 |  7- 9 | 10-12 | 13-15 | 16-18 | 19-21 | 22-24 | 25-27 || total
-------------------------+-------+-------+-------+-------+-------+-------+-------+-------+-------++-------
Melee: Unarmed           |    12 |    25 |       |       |       |       |       |       |       ||    37
       Dagger            |       |    18 |   112 |    92 |    39 |       |       |       |       ||   261
       Punch             |       |       |     3 |     3 |     2 |       |       |       |       ||     8
       Whip              |       |       |    49 |       |       |       |       |       |       ||    49
       Staff             |       |       |       |       |    21 |    38 |    40 |    99 |  5140 ||  5338
Throw: Throwing net      |       |       |       |       |       |       |       |       |     1 ||     1
 Cast: Foxfire           |    62 |    90 |   195 |   114 |     5 |       |       |       |       ||   466
       Scorch            |       |     2 |    34 |    32 |       |     4 |       |     4 |     1 ||    77
       Stone Arrow       |       |       |       |   182 |   261 |    10 |       |       |       ||   453
       Flame Wave        |       |       |       |    26 |    17 |       |       |       |    18 ||    61
       Iskenderun's Batt |       |       |       |     8 |    40 |       |       |       |       ||    48
       Hailstorm         |       |       |       |       |     8 |       |       |       |       ||     8
       Fireball          |       |       |       |       |   213 |   610 |   321 |    46 |    73 ||  1263
       Starburst         |       |       |       |       |     1 |    14 |    33 |    11 |    31 ||    90
       Lehudib's Crystal |       |       |       |       |       |       |    92 |    45 |   263 ||   400
       Fire Storm        |       |       |       |       |       |       |    57 |   283 |   995 ||  1335
       Spellforged Servi |       |       |       |       |       |       |       |    27 |    50 ||    77
       Necromutation     |       |       |       |       |       |       |       |       |   403 ||   403
       Polar Vortex      |       |       |       |       |       |       |       |       |   182 ||   182
       Ignition          |       |       |       |       |       |       |       |       |    38 ||    38
       Ozocubu's Armour  |       |       |       |       |       |       |       |       |    18 ||    18
       Shatter           |       |       |       |       |       |       |       |       |    14 ||    14
       Sublimation of Bl |       |       |       |       |       |       |       |       |     6 ||     6
       Passage of Golubr |       |       |       |       |       |       |       |       |     5 ||     5
       Chain Lightning   |       |       |       |       |       |       |       |       |     5 ||     5
 Abil: Evoke Blink       |       |       |       |       |       |     1 |     3 |    16 |    10 ||    30
       End Transformatio |       |       |       |       |       |       |       |       |     5 ||     5
Evoke: Wand              |       |       |     4 |       |     6 |    19 |    12 |     9 |    21 ||    71
       Phial of floods   |       |       |       |     2 |       |     4 |     1 |     2 |     6 ||    15
       Phantom mirror    |       |       |       |       |     1 |     1 |     1 |     1 |     3 ||     7
       Box of beasts     |       |       |       |       |       |       |     2 |     5 |     7 ||    14
       Condenser vane    |       |       |       |       |       |       |       |     2 |     5 ||     7
       Tin of tremorston |       |       |       |       |       |       |       |     4 |    10 ||    14
       Lightning rod     |       |       |       |       |       |       |       |       |    33 ||    33
       Horn of Geryon    |       |       |       |       |       |       |       |       |     5 ||     5
       Figurine of a zig |       |       |       |       |       |       |       |       |     2 ||     2
  Use: Scroll            |     1 |       |     8 |    11 |     9 |    11 |    15 |     6 |    44 ||   105
       Potion            |       |       |     1 |     7 |     2 |     1 |     4 |     3 |    30 ||    48
 Stab: Sleeping          |       |       |     7 |     2 |       |     1 |     3 |       |     3 ||    16
       Distracted        |       |       |     1 |       |       |       |       |     1 |    14 ||    16
       Invisible         |       |       |       |       |       |       |       |       |     1 ||     1
Armor: Robe              |     8 |    19 |    41 |     9 |     2 |       |       |     1 |  1431 ||  1511
       Leather armour    |       |       |       |    67 |    44 |       |       |       |       ||   111
       Skin              |       |       |       |     2 |       |       |       |       |     8 ||    10
       Animal skin       |       |       |       |       |     6 |    38 |    31 |    78 |   125 ||   278
Dodge: Dodged            |    21 |    37 |   201 |   192 |   108 |    93 |    71 |   165 |  3889 ||  4777
       Repelled          |       |       |       |       |     4 |     5 |     1 |     7 |       ||    17
Block: Other             |       |    11 |    70 |    67 |    30 |     5 |       |       |       ||   183
       Reflection        |       |     2 |       |     2 |     3 |     9 |    13 |     5 |     2 ||    36
       Buckler           |       |       |       |       |       |    56 |    61 |   163 |  2924 ||  3204
